 Dungeon Crawl Stone Soup version 0.30-a0-777-ga9a30cbeda (webtiles) character file.

Game seed: 16971735909787384093

1755419 browni3141 the Acrobat (level 27, 222/222 HPs)
             Began as a Merfolk Chaos Knight on Feb 14, 2023.
             Was a Favourite Plaything of Xom.
             Escaped with the Orb
             ... and 3 runes!
             The game lasted 04:13:57 (60925 turns).

browni3141 the Acrobat (Merfolk Chaos Knight)      Turns: 60925, Time: 04:13:57

Health: 222/222    AC: 37    Str: 26    XL:     27
Magic:  37/37      EV: 21    Int: 16    God:    Xom [.....*]
Gold:   2014       SH: 33    Dex: 30    Spells: 46/46 levels left

rFire   . . .      SeeInvis +    a - +9 demon trident (elec)
rCold   . . .      Faith    .    q - +8 tower shield {rPois}
rNeg    + + .      Spirit   +    W - +8 orange crystal plate armour {Archmagi, Int+3 Clar}
rPois   +          Reflect  .    r - +2 hood of the Assassin {Detect Stab+ Stlth++}
rElec   .          Harm     .    R - +2 cloak {Will+}
rCorr   +          Rampage  .    S - +2 pair of gloves of Gravity {+Blink Will+ rCorr}
Will    ++++.      Archmagi +    w - +2 pair of boots Stlth Clarity +
                                 f - amulet of Xueng {Spirit rN++ Int-4 Dex+6}
HPRegen 0.57/turn                A - ring of see invisible
MPRegen 0.25/turn                D - ring "Earthly Heaven" {Str+8 Dex+6}

@: studying Shields
A: (nimble swimmer 2), mertail, iridescent scales 1, clever 1, deformed body,
poison resistance, screaming 1, subdued magic 1
0: Orb of Zot
}: 3/15 runes: barnacled, slimy, gossamer
a: Renounce Religion, Evoke Blink


You escaped.
You worshipped Xom.
You were Xom's teddy bear.
You visited 9 branches of the dungeon, and saw 47 of its levels.
You also visited: Bailey and Gauntlet.

You collected 6945 gold pieces.
You spent 4931 gold pieces at shops.

Inventory:

Hand Weapons
 a - a +9 demon trident of electrocution (weapon)
Missiles
 i - 17 boomerangs (quivered)
 j - 17 silver javelins
 y - 7 curare-tipped darts
 F - 5 boomerangs of dispersal
 T - 8 throwing nets
 X - 21 javelins
Armour
 q - a +8 tower shield of poison resistance (worn)
 r - the +2 hood of the Assassin (worn) {Detect Stab+ Stlth++}
   (You found it on level 2 of the Depths)

   Detect:    It allows the wearer to sense nearby creatures.
   Stab+:     It allows the wearer to make particularly effective stabbing
   attacks against helpless or unaware enemies with any weapon.
   Stlth:     It makes you much more stealthy.
 w - a +2 pair of boots (worn)
 R - a +2 cloak of willpower (worn)
 S - the +2 pair of gloves of Gravity (worn) {+Blink Will+ rCorr}
   (You found it in a Gauntlet)

   +Blink:    It lets you blink.
   rCorr:     It protects you from acid and corrosion.
   Will:      It increases your willpower.
 W - the +8 orange crystal plate armour (worn) {Archmagi, Int+3 Clar}
   (You bought it in a shop on level 3 of the Elven Halls)

   Int:       It affects your intelligence (+3).
   Clar:      It protects you against confusion.
Jewellery
 f - the amulet of Xueng (around neck) {Spirit rN++ Int-4 Dex+6}
   (You took it off a deep elf demonologist on level 3 of the Elven Halls)

   [amulet of guardian spirit]

   It causes incoming damage to be divided between your reserves of health and
   magic.
   Int:       It affects your intelligence (-4).
   Dex:       It affects your dexterity (+6).
   rN:        It greatly protects you from negative energy.
 o - the ring "Nekoubb" {rN+ MP+9 Str+4}
   (You found it in a Gauntlet)

   [ring of magical power]

   Str:       It affects your strength (+4).
   rN:        It protects you from negative energy.
   MP:        It affects your magic capacity (+9).
 v - the ring "Ixtyebb" {rElec EV+5 Str+2}
   (You bought it in a shop on level 15 of the Dungeon)

   [ring of evasion]

   EV:        It affects your evasion (+5).
   Str:       It affects your strength (+2).
   rElec:     It insulates you from electricity.
 z - a ring of willpower
 A - a ring of see invisible (left hand)
 D - the ring "Earthly Heaven" (right hand) {Str+8 Dex+6}
   (You found it on level 5 of the Pits of Slime)

   [ring of dexterity]

   Str:       It affects your strength (+8).
   Dex:       It affects your dexterity (+6).
 N - the ring "Kulael" {Fire rN+}
   (You found it on level 3 of the Depths)

   [ring of fire]

   It enhances your fire magic.
   rF:        It protects you from fire.
   rC:        It makes you vulnerable to cold.
   rN:        It protects you from negative energy.
Wands
 l - a wand of digging (15)
 x - a wand of iceblast (12)
 G - a wand of paralysis (48)
 L - a wand of mindburst (34)
 Z - a wand of acid (12)
Scrolls
 d - 5 scrolls of silence
 e - 32 scrolls of teleportation
 g - 13 scrolls of fog
 s - 9 scrolls of poison
 t - 6 scrolls of fear
 H - 4 scrolls of butterflies
 I - 6 scrolls of vulnerability
 K - 5 scrolls of immolation
 O - 6 scrolls of magic mapping
 Q - 4 scrolls of blinking
Potions
 h - 23 potions of curing
 k - 8 potions of attraction
 m - 3 potions of invisibility
 n - 3 potions of heal wounds
 p - 3 potions of might
 B - 2 potions of resistance
 C - 2 potions of haste
 E - 9 potions of lignification
 M - 5 potions of cancellation
 P - 2 potions of mutation
 U - 6 potions of ambrosia
Miscellaneous
 b - a phial of floods (inert)
 c - a piece from Xom's chessboard (15/15)
 u - a lightning rod (4/4)
 J - a tin of tremorstones (1/2)
 V - a box of beasts
 Y - a condenser vane (inert)


   Skills:
 + Level 19.2 Fighting
 - Level 14.0 Polearms
 - Level 18.1 Throwing
 * Level 12.9 Armour
 * Level 22.2 Dodging
 - Level 4.0 Stealth
 * Level 19.4 Shields
 - Level 10.0 Spellcasting
 * Level 20.8 Evocations


You had 46 spell levels left.
You didn't know any spells.
Your spell library contained the following spells:

 Spells                   Type           Power      Damage    Failure   Level
 Beastly Appendage        Tmut           18%        N/A       99%         1
 Foxfire                  Conj/Fire      36%        2x1d5     99%         1
 Freeze                   Ice            36%        1d5       99%         1
 Magic Dart               Conj           36%        1d4       99%         1
 Sandblast                Erth           18%        2d7       99%         1
 Shock                    Conj/Air       36%        1d5       99%         1
 Slow                     Hex            36%        N/A       99%         1
 Sting                    Tmut/Pois      36%        1d4       99%         1
 Summon Small Mammal      Summ           36%        N/A       99%         1
 Blink                    Tloc           18%        N/A       100%        2
 Call Imp                 Summ           9%         N/A       100%        2
 Cigotuvi's Dreadful Rot  Necr/Pois/Air  18%        N/A       100%        2
 Ensorcelled Hibernation  Hex/Ice        18%        N/A       100%        2
 Lesser Beckoning         Tloc           18%        N/A       100%        2
 Momentum Strike          Conj/Tloc      18%        3d8       100%        2
 Passwall                 Tmut/Erth      7%         N/A       100%        2
 Scorch                   Fire           18%        2d5       100%        2
 Searing Ray              Conj           18%        2d5       100%        2
 Static Discharge         Conj/Air       18%        2-3/arc   100%        2
 Sublimation of Blood     Necr           9%         N/A       100%        2
 Wereblood                Tmut           9%         N/A       100%        2
 Call Canine Familiar     Summ           9%         N/A       100%        3
 Confusing Touch          Hex            9%         N/A       100%        3
 Frozen Ramparts          Ice            18%        1d3       100%        3
 Hailstorm                Conj/Ice       9%         3d4       100%        3
 Kindle Blastsparks       Fire/Tloc/Air  18%        2d11      100%        3
 Mephitic Cloud           Conj/Pois/Air  9%         N/A       100%        3
 Ozocubu's Armour         Ice            9%         N/A       100%        3
 Portal Projectile        Hex/Tloc       18%        N/A       100%        3
 Spider Form              Tmut/Pois      9%         N/A       100%        3
 Stone Arrow              Conj/Erth      18%        3d8       100%        3
 Summon Guardian Golem    Hex/Summ       9%         N/A       100%        3
 Swiftness                Air            9%         N/A       100%        3
 Tukima's Dance           Hex            9%         N/A       100%        3
 Vampiric Draining        Necr           9%         2d6       100%        3
 Vhi's Electric Charge    Tloc/Air       18%        N/A       100%        3
 Airstrike                Air            4%         2d(1-17)  100%        4
 Anguish                  Hex/Necr       4%         N/A       100%        4
 Animate Dead             Necr           9%         N/A       100%        4
 Cause Fear               Hex            4%         N/A       100%        4
 Dispel Undead            Necr           9%         3d8       100%        4
 Flame Wave               Conj/Fire      9%         2d6       100%        4
 Fulminant Prism          Conj/Hex       4%         3d5       100%        4
 Ice Form                 Ice/Tmut       9%         N/A       100%        4
 Olgreb's Toxic Radiance  Pois           9%         N/A       100%        4
 Petrify                  Tmut/Erth      9%         N/A       100%        4
 Alistair's Intoxication  Tmut/Pois      6%         N/A       100%        5
 Arcjolt                  Conj/Air       4%         1d14      100%        5
 Blade Hands              Tmut           4%         N/A       100%        5
 Borgnjor's Vile Clutch   Necr/Erth      4%         N/A       100%        5
 Fireball                 Conj/Fire      4%         3d4       100%        5
 Freezing Cloud           Conj/Ice/Air   4%         6-21      100%        5
 Lightning Bolt           Conj/Air       4%         1d16      100%        5
 Metabolic Englaciation   Hex/Ice        4%         N/A       100%        5
 Silence                  Hex/Air        4%         N/A       100%        5
 Summon Forest            Summ/Tloc      4%         N/A       100%        5
 Death Channel            Necr           4%         N/A       100%        6
 Eringya's Noxious Bog    Tmut/Pois      4%         N/A       100%        6
 Simulacrum               Ice/Necr       4%         N/A       100%        6
 Starburst                Conj/Fire      4%         6d4       100%        6
 Statue Form              Tmut/Erth      6%         N/A       100%        6
 Summon Cactus Giant      Summ           4%         N/A       100%        6
 Dragon Form              Tmut           4%         N/A       100%        7
 Haunt                    Necr/Summ      4%         N/A       100%        7
 Malign Gateway           Summ/Tloc      4%         N/A       100%        7
 Orb of Destruction       Conj           4%         9d5       100%        7
 Ozocubu's Refrigeration  Ice            4%         4d8       100%        7
 Spellforged Servitor     Conj/Summ      4%         N/A       100%        7
 Summon Hydra             Summ           4%         N/A       100%        7
 Borgnjor's Revivificati  Necr           4%         N/A       100%        8
 Ignition                 Fire           4%         3d4       100%        8
 Infestation              Necr           4%         N/A       100%        8
 Lehudib's Crystal Spear  Conj/Erth      4%         10d3      100%        8
 Maxwell's Capacitive Co  Air            4%         ∞         100%        8
 Necromutation            Tmut/Necr      4%         N/A       100%        8
 Summon Horrible Things   Summ           4%         N/A       100%        8
 Death's Door             Necr           4%         N/A       100%        9
 Dragon's Call            Summ           4%         N/A       100%        9
 Polar Vortex             Ice            4%         N/A       100%        9


Dungeon Overview and Level Annotations

Branches:
Dungeon (15/15)            Temple (0/1) D:6            Lair (5/5) D:10
 Shoals (4/4) Lair:3       Spider (4/4) Lair:3        Slime (5/5) Lair:5
    Orc (2/2) D:9             Elf (3/3) Orc:2        Vaults (0/5) D:13
 Depths (4/4) D:15            Zot (5/5) Depths:4     Bailey (visited)
Gauntlet (visited)

Altars:
Ashenzari
Cheibriados
Dithmenos
Elyvilon
Kikubaaqudgha
Okawaru
Sif Muna
Uskayaw
Vehumet
Xom
Zin
The Shining One

Shops:
D:4 =::*(   D:15 =   Orc:2 :((*   Elf:1 (   Elf:2 *?   Elf:3 [   Depths:2 *

Portals:
Hell: Depths:1 Depths:2 Depths:3 Depths:4
Abyss: Depths:3
Pandemonium: Depths:2 Depths:3 Depths:4
Ziggurat: Depths:1
Gauntlet: Lair:1


Innate Abilities, Weirdness & Mutations

((You are very nimble when in or above water. (Stealth+, EV+, Speed+++)))
Your lower body shifts to a powerful aquatic tail in water.
You are partially covered in iridescent scales. (AC +2)
Your mind is acute. (Int +4, Str/Dex -1)
Armour fits poorly on your strangely shaped body.
Your system is resistant to poisons. (rPois)
You occasionally shout uncontrollably at your foes.
Your spells are a little easier to cast, but a little less powerful.


Message History

Xom briefly touches your surroundings.
You swap places.
You reach to attack!
You puncture the gnoll!
The gnoll is severely wounded.
You reach to attack!
You puncture the gnoll!
You kill the gnoll!
No target in view!
(D) Dungeon (T) Temple (L) Lair (A) Shoals (N) Spider Nest (M) Slime Pits (O) Orcish Mines (E) Elven Halls (V) Vaults (U) Depths (H) Hell (Z) Zot
Where to? (Enter - D:1, ? - help)
You swap places.
An Orb Guardian comes into view.
The Orb Guardian hits your butterfly.
Your butterfly dies!
Your butterfly disappears in a puff of smoke!
There is an open door here.
An Orb Guardian comes into view.
You open the door.
There is an open door here.
The Orb Guardian hits your butterfly!!
Your butterfly dies!
Your butterfly disappears in a puff of smoke! "Just a minor improvement..."
A door slams shut!
Something unseen opens the door.
There is a stone staircase leading up here.
You climb upwards.
There is a stone staircase leading down here.
(D) Dungeon (T) Temple (L) Lair (A) Shoals (N) Spider Nest (M) Slime Pits (O) Orcish Mines (E) Elven Halls (V) Vaults (U) Depths (H) Hell (Z) Zot
Where to? (Enter - D:1, ? - help)
There is an open door here.
There is a stone staircase leading up here.
You climb upwards.
There is a stone staircase leading down here.
You open the door.
There is an open door here.
There is a staircase leading out of the dungeon here.
You have escaped!

........# #...........#......#.##
##.####.# #...........##.#.###.#
...####.####'####.###.##.#.###.##
##.##........#...........#.#.....
##.###......##...###..####.#.#...
...............#+# #.......#.###.
............####.###.#######.###.
..............#♣.~P#.## #........
............#.'.@~P#..###....###.
............###♣.~P##..##....# #.
............# #.###...##....# #.
######......# #'#...#.......# #.
...# #......# #.....###.....# #.
...# #......########.###.....# #.
...# #......#...###..........###.
...# ########.#...#...#.#......#.
#### #....#...#.....#....#.


There were no monsters in sight!

Vanquished Creatures
  the Royal Jelly (Slime:5)
  4 ancient liches (Zot:5)
  Mara (Depths:1)
  4 orbs of fire
  A pandemonium lord (Zot:5)
  Boris (Depths:3)
  4 Killer Klowns (Zot:5)
  A shard shrike (Depths:3)
  A curse toe (Zot:4)
  6 golden dragons
  The ghost of FalseProphet the Warrior, an adept DsGl of Makhleb (Depths:3)
  A bone dragon (Depths:1)
  2 electric golems
  Jorgrun (Shoals:2)
  A Tzitzimitl (Depths:2)
  9 tentacled monstrosities
  12 Orb Guardians
  3 liches
  2 deep elf blademasters (Elf:3)
  A titan (Depths:3)
  A walking divine tome (Depths:3)
  2 deep elf master archers (Elf:3)
  15 acid blobs
  A kraken (Shoals:1)
  3 quicksilver dragons
  9 death cobs
  2 sphinxes
  A storm dragon (shapeshifter) (D:10)
  Kirke (Lair:4)
  8 rockslimes
  2 tengu reavers (Depths:3)
  3 draconian knights
  9 shadow dragons
  Ilsuiw (Shoals:4)
  3 draconian monks
  8 storm dragons
  A daeva (Depths:1)
  7 fire giants
  7 draconian scorchers
  8 frost giants
  Louise (Depths:3)
  3 emperor scorpions
  3 deep elf sorcerers
  3 juggernaut zombies (Depths:1)
  10 azure jellies
  The ghost of olddryhag the Severer, a journeyman DsGl of Uskayaw (Lair:5)
  8 ghost moths
  4 deep elf elementalists (Elf:3)
  8 draconian shifters
  2 spriggan defenders
  3 angels (Depths:1)
  8 draconian stormcallers
  2 caustic shrike skeletons (Depths:1)
  9 very ugly things
  6 draconian annihilators
  9 stone giants
  5 broodmothers
  13 green draconians
  8 deep elf annihilators
  9 quicksilver oozes
  7 deep elf demonologists (Elf:3)
  3 vampire knights (Depths:2)
  11 black draconians
  9 spark wasps
  16 white draconians
  A bunyip (Depths:4)
  2 minotaurs
  8 yellow draconians
  6 purple draconians
  16 red draconians
  6 deep elf death magi (Elf:3)
  2 blizzard demons (Depths:3)
  8 merfolk javelineers
  8 fire dragons
  5 ettins
  A yaktaur captain (Depths:4)
  Josephine (D:15)
  4 rakshasas
  9 merfolk impalers
  An entropy weaver (Spider:1)
  2 deep elf high priests (Elf:3)
  11 ice dragons
  11 hydras
  5 great orbs of eyes
  An ice dragon (shapeshifter) (Shoals:4)
  4 spriggan air magi
  A hell beast (Depths:1)
  2 alligator snapping turtles (Shoals:4)
  9 centaur warriors
  8 boulder beetles
  A catoblepas (Lair:3)
  A merfolk avatar (Shoals:4)
  An anaconda (Depths:4)
  An ogre mage (D:15)
  3 tengu warriors
  2 radroaches
  8 two-headed ogres
  20 dancing weapons
  2 jorogumos
  3 satyrs
  2 deep troll earth magi
  5 deep troll shamans
  4 merfolk aquamancers
  5 orc high priests (Orc:2)
  4 spriggan berserkers
  4 vampire magi
  Urug (Lair:5)
  A titan zombie (Depths:1)
  3 hell hogs
  3 storm dragon zombies (Depths:1)
  2 soul eaters (Depths:1)
  6 sun demons (Depths:1)
  A fire crab (shapeshifter) (D:14)
  10 deep elf knights
  8 pharaoh ants
  A titan skeleton (Depths:1)
  5 shadow wraiths (Depths:2)
  6 iron trolls
  A skeletal warrior (D:13)
  9 sea snakes
  3 glowing orange brains
  A death drake (D:9)
  A quicksilver dragon simulacrum (Depths:3)
  7 skysharks
  A sixfirhy (Depths:4)
  13 orb spiders
  3 sun moths
  2 deep trolls (Depths:2)
  2 golden dragon zombies (Depths:1)
  A tengu zombie (Depths:1)
  3 shadow demons (Depths:2)
  A shadow dragon zombie (Depths:1)
  A spriggan simulacrum (Depths:3)
  22 deep elf zephyrmancers
  2 necromancers (Depths:3)
  6 spectral wolf spiders (Spider:2)
  A harpy (shapeshifter) (Elf:2)
  3 wizards
  A lindwurm (Lair:4)
  6 deep elf archers
  7 steelbarb worms
  8 orc knights
  2 golden dragon skeletons (Depths:1)
  2 orc sorcerers
  21 deep elf pyromancers
  17 harpies
  21 ugly things
  4 wolf spider zombies (Spider:2)
  12 fauns
  16 manticores
  A shining eye (shapeshifter) (Depths:3)
  7 cyclopes
  22 wolf spiders
  A sphinx zombie (Depths:1)
  22 moths of wrath
  2 tengu skeletons (Depths:1)
  4 shining eyes
  8 elephants
  15 merfolk sirens
  4 demonic crawlers
  Maurice (D:8)
  8 black mambas
  3 water nymphs (Shoals:4)
  9 cane toads
  3 eyes of devastation
  4 smoke demons
  The ghost of sircluck the Skirmisher, a novice SpHu (D:6)
  2 titan simulacra (Depths:3)
  A hellion (Depths:4)
  A gargoyle (D:9)
  Maggie (D:7)
  A storm dragon simulacrum (Depths:3)
  8 torpor snails
  3 rime drakes
  A rime drake (shapeshifter) (D:8)
  2 freezing wraiths (D:9)
  2 kobold demonologists
  An efreet (D:9)
  3 yaktaurs (D:15)
  12 komodo dragons
  2 tengu conjurers
  3 ice devils
  An unseen horror (D:12)
  A spark wasp simulacrum (Depths:3)
  A golden dragon simulacrum (Depths:3)
  A red devil (Gauntlet)
  29 merfolk
  7 trolls
  20 tarantellas
  9 polar bears
  A shadow dragon simulacrum (Depths:3)
  5 meliai (Spider:2)
  A tyrant leech (shapeshifter) (Depths:2)
  7 hornets
  3 wolf spider simulacra (Spider:2)
  2 raiju (Lair:5)
  9 wind drakes
  2 blink frogs
  11 dream sheep
  7 snapping turtles
  26 culicivoras
  80 slime creatures
  A frost giant simulacrum (Depths:3)
  4 air elementals
  19 water elementals
  A vampire (D:11)
  4 spriggans
  34 jumping spiders
  Eustachio (D:6)
  5 wraiths
  A yak (shapeshifter) (Elf:2)
  42 yaks
  4 basilisks
  5 wyverns
  8 vampire mosquitoes
  8 golden eyes
  2 neqoxecs
  53 redbacks
  3 chaos spawn (Gauntlet)
  2 fire elementals
  Grum (Bailey)
  3 hogs (Lair:4)
  3 steam dragons (D:9)
  7 wargs
  A swamp worm (shapeshifter) (D:14)
  5 acid dragons
  8 hell hounds (Lair:5)
  7 water moccasins
  3 floating eyes
  A glowing shapeshifter skeleton (Depths:1)
  Duvessa (D:6)
  5 swamp drakes
  46 orc warriors
  12 black bears
  2 sky beasts (D:7)
  2 ice beasts
  2 boggarts
  12 ogres
  18 wolves
  7 centaurs
  12 kobold brigands
  2 phantoms (D:5)
  13 bullfrogs
  12 gnoll sergeants
  2 necrophages (D:6)
  2 scorpions (D:7)
  11 wights
  Dowan (D:6)
  A water moccasin skeleton (D:5)
  6 killer bees (D:9)
  4 howler monkeys
  6 electric eels
  2 crimson imps (Gauntlet)
  10 gnoll boudas
  6 hounds
  A centaur skeleton (D:5)
  38 orc priests
  2 jellies
  7 iguanas
  Ijyb (D:3)
  Natasha (thrice) (D:2)
  Terence (D:2)
  24 orc wizards
  44 gnolls
  12 adders
  An ufetubus (D:3)
  5 worms
  A dart slug (D:5)
  The ghost of Esekla the Sneak, a weakling VSDe of Vehumet (D:5)
  93 orcs
  11 ball pythons
  5 endoplasms
  2 giant cockroaches
  17 goblins
  9 hobgoblins
  10 jackals
  24 kobolds
  3 quokkas
  4 bats
  3 frilled lizards
  7 rats
  4 tentacles (Shoals:1)
1902 creatures vanquished.

Vanquished Creatures (collateral kills)
  A juggernaut (Depths:3)
  3 acid blobs (Slime:5)
  A deep elf blademaster (Elf:2)
  An azure jelly (Slime:5)
  A frost giant (Depths:3)
  A draconian knight (Depths:4)
  A rockslime (Slime:5)
  A fenstrider witch (D:13)
  4 quicksilver oozes
  2 very ugly things (Depths:3)
  2 draconian annihilators
  A yellow draconian (Zot:1)
  A fire dragon (Depths:3)
  6 slime creatures
  A merfolk impaler (Shoals:4)
  A deep troll shaman (Depths:2)
  A dancing weapon (Elf:2)
  2 soul eaters (Depths:1)
  A swamp dragon (Lair:5)
  An orb spider (Spider:1)
  A wizard (Elf:1)
  A harpy (Shoals:4)
  A deep elf archer (Elf:1)
  2 deep elf pyromancers (Elf:1)
  2 ugly things
  A moth of wrath (Zot:3)
  3 shining eyes (Slime:5)
  A black mamba (Lair:5)
  A cane toad (Lair:5)
  A merfolk (Shoals:2)
  2 polar bears (Lair:5)
  A raiju (Lair:5)
  A snapping turtle (Shoals:3)
  2 jumping spiders
  A culicivora (Spider:4)
  A shadow (D:10)
  2 basilisks (Lair:5)
  A wraith (D:10)
  A water elemental (Depths:3)
  3 yaks (Lair:5)
  A redback (Spider:1)
  A warg (Lair:5)
  6 hell hounds (Lair:5)
  3 black bears
  6 wolves (Lair:5)
  A gnoll sergeant (Bailey)
  A howler monkey (D:8)
  A gnoll bouda (Bailey)
  An iguana (Lair:5)
  2 gnolls
  An orc (D:4)
  A kobold (D:8)
87 creatures vanquished.

Vanquished Creatures (others)
  A golden dragon (Zot:5)
  A tentacled monstrosity (Zot:1)
  A fire giant (Depths:1)
  A ghost moth (Zot:3)
  A draconian annihilator (Zot:2)
  A red draconian (Zot:2)
  A rakshasa (Depths:3)
  2 dancing weapons
  A two-headed ogre (D:9)
  An orc high priest (Orc:2)
  A vampire mage (Depths:3)
  A deep elf knight (Elf:1)
  3 deep elf zephyrmancers (Elf:2)
  A harpy (Shoals:2)
  An ugly thing (D:15)
  A wolf spider (Spider:2)
  A komodo dragon (Lair:3)
  A troll (Orc:2)
  A tarantella (Spider:1)
  A yak (Lair:4)
  A crimson imp (Zot:5)
  A gnoll (D:9)
  2 orcs
  A kobold zombie (D:8)
  14 demonic plants (Gauntlet)
  28 fungi
  77 plants
  9 tentacles (Shoals:1)
156 creatures vanquished.

Grand Total: 2145 creatures vanquished

Notes
Turn   | Place    | Note
-------+----------+-------------------------------------------
     0 | D:1      | browni3141 the Merfolk Chaos Knight began the quest for the
                  | Orb.
     0 | D:1      | Reached XP level 1. HP: 18/18 MP: 1/1
    16 | D:1      | XOM: silly message
    94 | D:1      | Reached XP level 2. HP: 24/24 MP: 2/2
   116 | D:1      | Reached skill level 5 in Polearms
   253 | D:1      | Found a faded altar of an unknown god.
   427 | D:1      | XOM: silly message
   490 | D:1      | Reached XP level 3. HP: 29/29 MP: 3/3
   926 | D:2      | Reached skill level 3 in Dodging
  1040 | D:2      | Reached XP level 4. HP: 35/35 MP: 4/4
  1090 | D:2      | XOM: 1-stop teleportation journey
  1116 | D:2      | Noticed Terence
  1116 | D:2      | XOM: potion effect (haste)
  1171 | D:2      | Killed Terence
  1172 | D:2      | Reached skill level 4 in Dodging
  1281 | D:2      | Noticed Natasha
  1282 | D:2      | XOM: confuse monster(s)
  1294 | D:2      | Killed Natasha
  1380 | D:2      | XOM: divination: detect items
  1435 | D:2      | XOM: silly message
  1505 | D:3      | Reached XP level 5. HP: 41/41 MP: 5/5
  1531 | D:3      | Reached skill level 5 in Dodging
  1681 | D:3      | XOM: divination: magic mapping
  1932 | D:2      | Noticed Natasha
  1938 | D:2      | XOM: silly message
  2083 | D:2      | Killed Natasha
  2084 | D:2      | Reached skill level 1 in Stealth
  2139 | D:2      | Noticed Natasha
  2147 | D:2      | Killed Natasha
  2159 | D:3      | XOM: silly message
  2382 | D:3      | Noticed Ijyb
  2394 | D:3      | Killed Ijyb
  2395 | D:3      | Reached XP level 6. HP: 35/48 MP: 6/6
  2647 | D:3      | Noticed Robin
  2667 | D:3      | Robin changed into Robin the adder
  2667 | D:3      | Noticed Robin
  2675 | D:3      | Killed Robin the adder
  2920 | D:3      | XOM: divination: detect items
  3174 | D:4      | Noticed a black bear
  3194 | D:4      | Killed a black bear
  3233 | D:4      | Found Meatz's Jewellery Boutique.
  3263 | D:4      | Reached XP level 7. HP: 47/55 MP: 7/7
  3327 | D:4      | Found Dacivy's General Store.
  3327 | D:4      | Found Wigioq's Antique Weapon Boutique.
  3327 | D:4      | XOM: 5-stop teleportation journey
  3345 | D:4      | Bought a glowing trident for 175 gold pieces
  3370 | D:4      | XOM: cast spell 'Summon Mana Viper'
  3376 | D:4      | Reached skill level 5 in Fighting
  3383 | D:4      | Found Puprenk's Book Boutique.
  3406 | D:4      | Bought a scroll of identify for 22 gold pieces
  3406 | D:4      | Bought a scroll of fear for 44 gold pieces
  3411 | D:4      | Found Yseisuum's Book Shop.
  3465 | D:4      | XOM: 1-stop teleportation journey
  3474 | D:4      | XOM: 3-stop teleportation journey
  3488 | D:4      | XOM: cloud trail
  3565 | D:4      | XOM: 10-stop teleportation journey
  3758 | D:5      | Entered Level 5 of the Dungeon
  3799 | D:5      | XOM: divination: detect items
  3922 | D:5      | Found a runed translucent gate.
  3922 | D:5      | Found a runed translucent gate.
  3923 | D:5      | Found a runed translucent gate.
  3928 | D:5      | Noticed Esekla's ghost (weakling VSDe)
  4398 | D:5      | XOM: give mutations
  4398 | D:5      | Gained mutation: You expend magic power (3 MP) to
                  | strengthen your wands. [Xom's grace]
  4398 | D:5      | Gained mutation: Your muscles are strong. (Str +4, Int/Dex
                  | -1) [Xom's grace]
  4398 | D:5      | Gained mutation: You are resistant to electric shocks.
                  | (rElec) [Xom's grace]
  4406 | D:5      | Reached XP level 8. HP: 62/62 MP: 8/8
  4685 | D:5      | XOM: summons 4 hostile shadow creatures
  4896 | D:5      | Killed Esekla's ghost
  4957 | D:6      | XOM: scenery: summon butterflies
  4959 | D:6      | XOM: enchant monster (bad)
  4962 | D:6      | Reached skill level 10 in Polearms
  4967 | D:6      | XOM: summons 3 hostile demons
  5055 | D:6      | XOM: give mutations
  5055 | D:6      | Gained mutation: Your body sometimes deteriorates upon
                  | taking damage. [Xom's mischief]
  5055 | D:6      | Gained mutation: You are clumsy. (Dex -2) [Xom's mischief]
  5121 | D:6      | Reached skill level 1 in Armour
  5132 | D:6      | XOM: stat loss: -1 Dex (10/11)
  5164 | D:6      | XOM: give mutation
  5164 | D:6      | Lost mutation: Your body sometimes deteriorates upon taking
                  | damage. [Xom's mischief]
  5339 | D:6      | XOM: repel stairs
  5432 | D:6      | Identified the +0 robe of Sakinoit {Contam rElec rC+ Dex+4}
  5484 | D:6      | Found a staircase to the Ecumenical Temple.
  5577 | D:6      | Found a runed translucent gate.
  5577 | D:6      | Found a runed translucent gate.
  5577 | D:6      | Found a runed translucent gate.
  5578 | D:6      | Noticed a hornet
  5581 | D:6      | Noticed sircluck's ghost (novice SpHu)
  5636 | D:6      | Noticed Eustachio
  5672 | D:6      | XOM: 1-stop teleportation journey
  5727 | D:6      | Reached skill level 6 in Dodging
  5732 | D:6      | XOM: confusion (+ monsters)
  5732 | D:6      | Noticed Dowan
  5733 | D:6      | Noticed Duvessa
  5737 | D:6      | XOM: divination: detect creatures
  5741 | D:6      | XOM: potion effect (heal wounds)
  5767 | D:6      | XOM: potion effect (heal wounds)
  5771 | D:6      | Killed Duvessa
  5772 | D:6      | Reached XP level 9. HP: 67/69 MP: 9/9
  5808 | D:6      | Killed Dowan
  5933 | D:6      | Killed Eustachio
  6055 | D:6      | XOM: silly message
  6119 | D:6      | XOM: cloud trail
  6217 | D:7      | Noticed Maggie
  6231 | D:7      | XOM: blink monster(s)
  6235 | D:7      | XOM: smoke on damage
  6238 | D:7      | Killed Maggie
  6595 | D:7      | Reached skill level 7 in Dodging
  6738 | D:7      | XOM: noise
  7199 | D:7      | Reached skill level 1 in Shields
  7199 | D:7      | Reached skill level 1 in Evocations
  7235 | D:8      | a shapeshifter changed into a rime drake
  7235 | D:8      | Noticed a rime drake (shapeshifter)
  7238 | D:8      | XOM: confuse monster(s)
  7241 | D:8      | Killed a rime drake
  7242 | D:8      | Reached XP level 10. HP: 79/79 MP: 7/10
  7266 | D:8      | Noticed a cyclops
  7299 | D:7      | XOM: silly message
  7487 | D:8      | XOM: enchant monster (good)
  7494 | D:8      | a cyclops changed into a moth of wrath
  7494 | D:8      | Noticed a moth of wrath
  7500 | D:8      | XOM: confusion (+ monsters)
  7504 | D:8      | Killed a moth of wrath
  7505 | D:8      | Reached skill level 8 in Dodging
  7643 | D:8      | Noticed Maurice
  7647 | D:8      | XOM: divination: detect creatures
  7670 | D:8      | Killed Maurice
  7984 | D:9      | Found a staircase to the Orcish Mines.
  7987 | D:9      | XOM: confuse monster(s)
  7998 | D:9      | XOM: divination: magic mapping
  8018 | D:9      | XOM: fake destruction
  8062 | D:9      | XOM: destruction
  8069 | D:9      | XOM: smoke on damage
  8244 | D:9      | Noticed a gargoyle
  8297 | D:9      | Noticed a two-headed ogre
  8297 | D:9      | XOM: confuse monster(s)
  8299 | D:9      | XOM: summons friendly iron imp
  8301 | D:9      | XOM: cleaving
  8305 | D:9      | Killed a two-headed ogre
  8306 | D:9      | Reached skill level 5 in Shields
  8306 | D:9      | Reached skill level 5 in Evocations
  8306 | D:9      | Reached XP level 11. HP: 68/86 MP: 11/11
  8311 | D:9      | Reached skill level 9 in Dodging
  8432 | D:9      | XOM: enchant monster (good)
  8508 | D:9      | XOM: give mutations
  8508 | D:9      | Lost mutation: You are resistant to electric shocks.
                  | (rElec) [Xom's mischief]
  8508 | D:9      | Lost mutation: Your muscles are strong. (Str +4, Int/Dex
                  | -1) [Xom's mischief]
  8555 | D:9      | XOM: enchant monster (bad)
  8585 | D:9      | Noticed a cyclops
  8586 | D:9      | a cyclops changed into a death drake
  8586 | D:9      | Noticed a death drake
  8586 | D:9      | XOM: polymorph cyclops -> death drake
  8594 | D:9      | Killed a death drake
  8816 | D:9      | XOM: 2-stop teleportation journey
  8874 | D:9      | XOM: stat loss: -1 Int (11/12)
  9335 | D:9      | XOM: scenery: 2 doors open
  9574 | D:9      | Identified the +8 battleaxe of Contention {flame, Dex+2}
  9595 | D:9      | Found a transporter.
  9828 | D:9      | XOM: potion effect (invisibility)
  9869 | D:9      | Noticed a two-headed ogre
  9879 | D:9      | XOM: chaos upgrade
  9887 | D:9      | a two-headed ogre changed into a moth of wrath
  9887 | D:9      | Noticed a moth of wrath
  9887 | D:9      | XOM: polymorph two-headed ogre -> moth of wrath
  9896 | D:9      | Killed a moth of wrath
  9943 | D:9      | XOM: scenery: 1 doors open, 1 doors close
  9944 | D:9      | Noticed a purple ugly thing
  9945 | D:9      | Noticed a centaur warrior
  9946 | D:9      | XOM: confuse monster(s)
  9952 | D:9      | Killed a centaur warrior
  9954 | D:9      | Reached skill level 10 in Dodging
  9957 | D:9      | Killed a purple ugly thing
  9976 | D:9      | XOM: enchant monster (good)
 10080 | D:9      | XOM: fake destruction
 10175 | D:9      | Identified the +1 chain mail of Hepliaklqana's Envy
                  | {Rampage +Blink Str-5 Int-3}
 10191 | D:9      | Identified the +4 quarterstaff "Upyseugu" {heavy, Int-2
                  | SInv Stlth+}
 10219 | D:9      | Noticed a boulder beetle
 10238 | D:9      | Killed a boulder beetle
 10634 | D:4      | Bought an amulet of regeneration for 330 gold pieces
 10783 | D:10     | XOM: noise
 10783 | D:10     | Entered Level 10 of the Dungeon
 10825 | D:10     | Found a broken altar of Ashenzari.
 10826 | D:10     | Found a hide-covered altar of Uskayaw.
 10828 | D:10     | Found an iron altar of Okawaru.
 10834 | D:10     | Found a glowing golden altar of the Shining One.
 10837 | D:10     | Found a shimmering altar of Xom.
 10879 | D:10     | XOM: confuse monster(s)
 10897 | D:10     | XOM: butterfly on damage
 10944 | D:10     | Found a flagged portal.
 10957 | D:10     | XOM: divination: detect items
 10962 | D:10     | XOM: enchant monster (bad)
 10973 | D:10     | XOM: cast spell 'Monstrous Menagerie'
 10996 | D:10     | Noticed a tengu warrior
 11008 | D:10     | Killed a tengu warrior
 11009 | D:10     | Reached XP level 12. HP: 89/96 MP: 12/12
 11036 | Bailey   | Entered a bailey
 11154 | Bailey   | XOM: cast spell 'Discord'
 11283 | Bailey   | XOM: enchant monster (bad)
 11297 | Bailey   | XOM: polymorph gnoll -> giant cockroach
 11385 | Bailey   | XOM: chaos cloud
 11408 | Bailey   | Reached skill level 11 in Dodging
 11413 | Bailey   | Noticed Grum
 11420 | Bailey   | Killed Grum
 11786 | D:10     | Noticed a boulder beetle
 11788 | D:10     | Noticed a centaur warrior
 11790 | D:10     | Noticed a centaur warrior
 11790 | D:10     | Noticed a rakshasa
 11799 | D:10     | Found a staircase to the Lair.
 11800 | D:10     | Noticed a centaur warrior
 11801 | D:10     | Noticed a six-headed hydra
 11886 | D:10     | XOM: noise
 12256 | Lair:1   | Entered Level 1 of the Lair of Beasts
 12314 | Lair:1   | XOM: polymorph blink frog -> komodo dragon
 12316 | Lair:1   | XOM: confusion
 12320 | D:10     | XOM: stat loss: -1 Str (13/14)
 12337 | Lair:1   | Reached skill level 1 in Throwing
 12345 | Lair:1   | Found a gate leading to a gauntlet.
 12353 | Lair:1   | XOM: repel stairs
 12356 | Lair:1   | XOM: noise
 12357 | Lair:1   | XOM: 1-stop teleportation journey
 12379 | Lair:1   | XOM: confusion
 12391 | Lair:1   | XOM: 3-stop teleportation journey
 12392 | Lair:1   | XOM: blink monster(s)
 12443 | Gauntlet | Entered a Gauntlet
 12443 | Gauntlet | Found a transporter.
 12443 | Gauntlet | Found a transporter.
 12447 | Gauntlet | Found a transporter.
 12447 | Gauntlet | Found a transporter.
 12447 | Gauntlet | Found a transporter.
 12448 | Gauntlet | Found the +5 demon whip "Spellbinder" {antimagic, disrupt,
                  | Will+}
 12457 | Gauntlet | Found a transporter.
 12524 | Gauntlet | Found a transporter.
 12538 | Gauntlet | Found a transporter.
 12549 | Gauntlet | Found a transporter.
 12551 | Gauntlet | Noticed a tengu warrior
 12559 | Gauntlet | Found a transporter.
 12574 | Gauntlet | Found a transporter.
 12580 | Gauntlet | Found a transporter.
 12622 | Gauntlet | XOM: give mutations
 12622 | Gauntlet | Gained mutation: Your natural rate of healing is unusually
                  | fast. [Xom's mischief]
 12622 | Gauntlet | Lost mutation: Your natural rate of healing is unusually
                  | fast. [Xom's mischief]
 12622 | Gauntlet | Gained mutation: You occasionally shout uncontrollably at
                  | your foes. [Xom's mischief]
 12622 | Gauntlet | Lost mutation: You expend magic power (3 MP) to strengthen
                  | your wands. [Xom's mischief]
 12643 | Gauntlet | XOM: summons 2 hostile demons
 12670 | Gauntlet | XOM: blink monster(s)
 12684 | Gauntlet | XOM: blink monster(s)
 12690 | Gauntlet | XOM: noise
 12718 | Gauntlet | XOM: smoke on damage
 12763 | Gauntlet | Identified the +2 pair of gloves of Gravity {+Blink Will+
                  | rCorr}
 12789 | Gauntlet | XOM: confuse monster(s)
 12790 | Gauntlet | Gained mutation: You are very clumsy. (Dex -4) [a neqoxec]
 12794 | Gauntlet | Reached skill level 10 in Fighting
 12803 | Gauntlet | XOM: confuse monster(s)
 12877 | Gauntlet | XOM: cast spell 'Statue Form'
 12884 | Gauntlet | Killed a tengu warrior
 12935 | Gauntlet | Paralysed by a hornet for 1 turns
 12955 | Gauntlet | Identified the ring "Nekoubb" {rN+ MP+9 Str+4}
 13029 | Gauntlet | Noticed a minotaur
 13065 | Gauntlet | Killed a minotaur
 13213 | Lair:1   | XOM: cast spell 'Summon Small Mammal'
 13214 | Lair:1   | XOM: 5-stop teleportation journey
 13216 | Lair:1   | XOM: summons friendly shadow imp
 13275 | Lair:1   | Found a snail-covered altar of Cheibriados.
 13276 | Lair:1   | XOM: repel stairs
 13608 | Lair:1   | XOM: summons 3 hostile demons
 13618 | Lair:1   | XOM: swap monsters
 13631 | Lair:1   | XOM: swap monsters
 14014 | Lair:2   | Reached XP level 13. HP: 103/103 MP: 13/13
 14040 | Lair:2   | XOM: divination: detect creatures
 14048 | Lair:2   | Reached skill level 10 in Shields
 14101 | Lair:2   | XOM: 1-stop teleportation journey
 14121 | Lair:2   | XOM: enchant monster (bad)
 14270 | Lair:2   | XOM: confuse monster(s)
 14277 | Lair:2   | XOM: silly message
 14321 | Lair:2   | XOM: enchant monster (bad)
 14349 | Lair:2   | XOM: divination: magic mapping
 14396 | Lair:2   | XOM: noise
 14429 | Lair:2   | XOM: enchant monster (bad)
 14437 | Lair:2   | XOM: confuse monster(s)
 14853 | Lair:2   | Reached skill level 12 in Dodging
 15309 | Lair:3   | XOM: potion effect (heal wounds)
 15310 | Lair:3   | Reached skill level 5 in Throwing
 15357 | Lair:3   | XOM: enchant monster (good)
 15368 | Lair:3   | Found a hole to the Spider Nest.
 15368 | Lair:3   | XOM: 6-stop teleportation journey
 15413 | Lair:3   | XOM: give mutation
 15413 | Lair:3   | Gained mutation: You occasionally lose the ability to drink
                  | potions when taking damage. [Xom's mischief]
 15464 | Lair:3   | XOM: 1-stop teleportation journey
 15505 | Lair:3   | Found an ancient bone altar of Kikubaaqudgha.
 15505 | Lair:3   | XOM: 2-stop teleportation journey
 15516 | Lair:3   | XOM: scenery: create altars
 15522 | Lair:3   | Reached skill level 5 in Armour
 15609 | Lair:3   | XOM: divine lightning
 15716 | Lair:3   | XOM: polymorph elephant -> jumping spider
 15719 | Lair:3   | XOM: confuse monster(s)
 15842 | Lair:3   | XOM: scenery: create altars
 15896 | Lair:3   | XOM: destruction
 15926 | Lair:3   | XOM: give mutations
 15926 | Lair:3   | Gained mutation: You have a pair of small antennae on your
                  | head. [Xom's grace]
 15926 | Lair:3   | Gained mutation: Your flesh is heat resistant. (rF+) [Xom's
                  | grace]
 15926 | Lair:3   | Gained mutation: You expend magic power (3 MP) to
                  | strengthen your wands. [Xom's grace]
 15935 | Lair:3   | XOM: enchant monster (good)
 16209 | Lair:3   | Found a staircase to the Shoals.
 16267 | Lair:3   | XOM: repel stairs
 16744 | Lair:4   | XOM: cleaving
 16756 | Lair:4   | XOM: silly message
 16788 | Lair:4   | XOM: chaos cloud
 16870 | Lair:4   | XOM: draining
 16922 | Lair:4   | XOM: chaos cloud
 16938 | Lair:4   | XOM: enchant monster (bad)
 17006 | Lair:4   | XOM: blink monster(s)
 17012 | Lair:4   | XOM: noise
 17211 | Lair:4   | XOM: cleaving
 17217 | Lair:4   | Noticed Kirke
 17237 | Lair:4   | XOM: enchant monster (bad)
 17248 | Lair:4   | Killed Kirke
 17249 | Lair:4   | Reached XP level 14. HP: 65/113 MP: 1/14
 17710 | Lair:5   | Entered Level 5 of the Lair of Beasts
 17712 | Lair:5   | XOM: summons 8 friendly demons
 17718 | Lair:5   | XOM: divination: detect creatures
 17802 | Lair:4   | XOM: blink monster(s)
 17831 | Lair:5   | XOM: summons 2 hostile demons
 17841 | Lair:5   | XOM: cast spell 'Summon Mana Viper'
 17936 | Lair:5   | XOM: polymorph elephant -> tarantella
 17937 | Lair:5   | XOM: enchant monster (good)
 17945 | Lair:5   | XOM: destruction
 17961 | Lair:5   | XOM: enchant monster (good)
 17963 | Lair:5   | XOM: confuse monster(s)
 17968 | Lair:5   | Noticed olddryhag's ghost (journeyman DsGl)
 17980 | Lair:5   | XOM: noise
 17987 | Lair:5   | Found a staircase to the Slime Pits.
 17991 | Lair:5   | XOM: blink monster(s)
 17999 | Lair:5   | XOM: blink monster(s)
 18034 | Lair:5   | XOM: swap monsters
 18144 | Lair:5   | XOM: god gift: 52 gold pieces
 18148 | Lair:5   | Found a transporter.
 18155 | Lair:5   | Found a transporter.
 18179 | Lair:5   | XOM: summons 4 friendly demons
 18258 | Lair:5   | XOM: noise
 18262 | Lair:5   | Reached skill level 13 in Dodging
 18277 | Lair:5   | Noticed Urug
 18292 | Lair:5   | Killed Urug
 18688 | Lair:5   | XOM: noise
 18704 | Lair:5   | XOM: 1-stop teleportation journey
 18719 | Lair:5   | XOM: fog
 18724 | Lair:5   | XOM: scenery: create altars
 18871 | Lair:5   | XOM: cast spell 'Death Channel'
 18877 | Lair:5   | XOM: summons 5 friendly demons
 18883 | Lair:5   | XOM: polymorph crimson imp -> white imp
 18885 | Lair:5   | XOM: god gift: 8 stones
 18886 | Lair:5   | XOM: give mutations
 18886 | Lair:5   | Gained mutation: Your flesh is cold resistant. (rC+) [Xom's
                  | grace]
 18886 | Lair:5   | Gained mutation: Your spells are a little harder to cast,
                  | but a little more powerful. [Xom's grace]
 18886 | Lair:5   | Gained mutation: Your natural rate of healing is unusually
                  | fast. [Xom's grace]
 18886 | Lair:5   | Gained mutation: You are partially covered in iridescent
                  | scales. (AC +2) [Xom's grace]
 18887 | Lair:5   | XOM: cleaving
 18908 | Lair:5   | XOM: summons 3 hostile shadow creatures
 19067 | Lair:5   | XOM: noise
 19068 | Lair:5   | XOM: enchant monster (bad)
 19170 | Lair:5   | XOM: silly message
 19185 | Lair:5   | XOM: cleaving
 19197 | Lair:5   | XOM: enchant monster (good)
 19220 | Lair:5   | XOM: confuse monster(s)
 19226 | Lair:5   | XOM: summons friendly white imp
 19246 | Lair:5   | XOM: summons 4 friendly demons
 19253 | Lair:5   | XOM: summons friendly sun demon
 19312 | Lair:5   | Reached skill level 10 in Evocations
 19326 | Lair:5   | Identified a scroll of acquirement
 19346 | Lair:5   | XOM: god gift: 5 stones
 19458 | Lair:5   | XOM: god gift: +6 ring of dexterity
 19681 | Orc:1    | Entered Level 1 of the Orcish Mines
 19682 | Orc:1    | XOM: confuse monster(s)
 19829 | Orc:1    | XOM: summons friendly crimson imp
 19837 | Orc:1    | XOM: scenery: summon butterflies
 19865 | Orc:1    | Acquired a +3 demon trident of electrocution
 19975 | Orc:1    | XOM: 1-stop teleportation journey
 20005 | Orc:1    | XOM: cloud trail
 20022 | Orc:1    | XOM: summons 2 friendly demons
 20076 | Orc:1    | XOM: cleaving
 20151 | Orc:1    | XOM: god gift: +3 scale mail of positive energy
 20222 | Orc:2    | Entered Level 2 of the Orcish Mines
 20226 | Orc:2    | Reached XP level 15. HP: 120/120 MP: 15/15
 20257 | Orc:2    | XOM: 1-stop teleportation journey
 20288 | Orc:2    | XOM: scenery: create altars
 20290 | Orc:2    | Found a staircase to the Elven Halls.
 20371 | Orc:2    | XOM: divine lightning
 20462 | Orc:2    | XOM: silly message
 20499 | Orc:2    | XOM: swap monsters
 20527 | Orc:2    | XOM: enchant monster (bad)
 20546 | Orc:2    | XOM: confusion (+ monsters)
 20593 | Orc:2    | XOM: summons 8 hostile demons
 20636 | Orc:2    | XOM: blink monster(s)
 20704 | Orc:2    | XOM: god gift: glowing shortbow {god gift}
 20840 | Orc:2    | XOM: summons 8 hostile demons
 20891 | Orc:2    | XOM: summons 1 hostile demon
 20893 | Orc:2    | XOM: confuse monster(s)
 20952 | Orc:2    | Noticed Donald
 21086 | Orc:2    | XOM: cleaving
 21098 | Orc:2    | Donald changed into something unseen
 21098 | Orc:2    | XOM: polymorph Donald -> something unseen
 21101 | Orc:2    | Noticed Donald
 21111 | Orc:2    | Killed Donald the ghost moth
 21551 | Orc:2    | Found Tounirch's General Store.
 21552 | Orc:2    | Found Onli's Book Boutique.
 21552 | Orc:2    | Found Vyakeh's Weapon Shop.
 21553 | Orc:2    | Found Jueresk's Weapon Boutique.
 21573 | Orc:2    | Bought a potion of might for 52 gold pieces
 21573 | Orc:2    | Bought a potion of attraction for 39 gold pieces
 21713 | D:11     | XOM: summons friendly white imp
 21906 | D:11     | XOM: potion effect (haste)
 22070 | D:11     | XOM: silly message
 22260 | D:11     | XOM: noise
 22601 | D:12     | Identified the +4 spear "Ytyi" {elec, rElec Will+}
 23007 | D:12     | XOM: potion effect (invisibility)
 23040 | D:12     | XOM: silly message
 23065 | D:12     | Reached skill level 14 in Dodging
 23532 | D:12     | XOM: enchant monster (good)
 23547 | D:12     | XOM: summons friendly ufetubus
 23876 | D:13     | XOM: enchant monster (good)
 24239 | D:13     | XOM is BORED!
 24253 | D:13     | Reached skill level 10 in Throwing
 24576 | D:13     | Found a gate to the Vaults.
 24577 | D:13     | an ironbound preserver changed into an emperor scorpion
 24577 | D:13     | Noticed an emperor scorpion
 24577 | D:13     | XOM: polymorph ironbound preserver -> emperor scorpion
 24582 | D:13     | XOM: noise
 24583 | D:13     | an emperor scorpion changed into a fenstrider witch
 24583 | D:13     | Noticed a fenstrider witch
 24583 | D:13     | XOM: polymorph emperor scorpion -> fenstrider witch
 24592 | D:13     | Killed a fenstrider witch
 24611 | D:13     | XOM: give mutation
 24611 | D:13     | Gained mutation: Your muscles are strong. (Str +4, Int/Dex
                  | -1) [Xom's grace]
 25273 | D:14     | XOM: summons 6 friendly demons
 25276 | D:14     | XOM: potion effect (haste)
 25526 | D:14     | XOM: scenery: summon butterflies
 25539 | D:14     | Found a glowing golden altar of the Shining One.
 25540 | D:14     | Found a glowing silver altar of Zin.
 25542 | D:14     | Found a white marble altar of Elyvilon.
 25555 | D:14     | XOM: polymorph butterfly -> river rat
 25626 | D:14     | Reached XP level 16. HP: 129/129 MP: 16/16
 25629 | D:14     | XOM: enchant monster (bad)
 25928 | D:14     | XOM: summons 1 hostile demon
 25948 | D:15     | Entered Level 15 of the Dungeon
 25974 | D:15     | Found Turocieg's Jewellery Shoppe.
 25981 | D:15     | XOM: summons 2 hostile demons
 25998 | D:15     | XOM: summons friendly iron imp
 26004 | D:15     | XOM: enchant monster (good)
 26017 | D:15     | XOM: divination: magic mapping
 26021 | D:15     | XOM: potion effect (might)
 26032 | D:15     | Bought the ring "Ixtyebb" {rElec EV+5 Str+2} for 704 gold
                  | pieces
 26098 | D:15     | XOM: silly message
 26153 | D:15     | XOM: give mutations
 26153 | D:15     | Lost mutation: Your spells are a little harder to cast, but
                  | a little more powerful. [Xom's mischief]
 26153 | D:15     | Lost mutation: Your flesh is heat resistant. (rF+) [Xom's
                  | mischief]
 26155 | D:15     | Found a staircase to the Depths.
 26266 | D:15     | XOM is BORED!
 26390 | D:15     | XOM: confusion (+ monsters)
 26409 | D:15     | Identified the +4 glaive "Beled" {pain, *Slow rN+ rCorr}
 26414 | D:15     | Noticed Josephine
 26427 | D:15     | Killed Josephine
 26450 | D:15     | XOM: noise
 27096 | D:6      | Killed sircluck's ghost
 27250 | D:10     | XOM: cast spell 'Alistair's Intoxication'
 27269 | D:10     | a catoblepas changed into a storm dragon
 27269 | D:10     | Noticed a storm dragon (shapeshifter)
 27285 | D:10     | Killed a storm dragon
 27298 | D:10     | XOM: noise
 27384 | D:10     | Reached skill level 15 in Dodging
 27384 | D:10     | Reached XP level 17. HP: 136/136 MP: 17/17
 27446 | Spider:1 | Entered Level 1 of the Spider Nest
 27551 | Lair:5   | XOM: silly message
 27903 | Spider:1 | XOM: cast spell 'Cause Fear'
 28051 | Spider:1 | XOM: divination: detect items
 28103 | Spider:1 | XOM: god gift: potion of flight
 28183 | Spider:1 | XOM: confuse monster(s)
 28196 | Spider:1 | XOM: enchant monster (bad)
 28289 | Spider:1 | Identified the +1 ring mail of the Disbelieving Gods {rC-
                  | Will++ rCorr Slay+5}
 28307 | Spider:1 | Identified the +8 sling of Collusion {drain, Str+2 Int+2
                  | Dex+3}
 28497 | Spider:1 | XOM: summons 4 hostile demons
 28531 | Spider:1 | XOM: scenery: create altars
 28534 | Spider:1 | Got Gexepn's Improving Your Sorcery
 28764 | Spider:2 | XOM: polymorph wolf spider -> eye of devastation
 28769 | Spider:2 | Reached XP level 18. HP: 130/144 MP: 18/18
 28851 | Spider:2 | XOM: destruction
 28853 | Spider:2 | XOM: confusion (+ monsters)
 28856 | Spider:2 | XOM: give mutations
 28856 | Spider:2 | Gained mutation: You heal very quickly. [Xom's mischief]
 28856 | Spider:2 | Lost mutation: You occasionally lose the ability to drink
                  | potions when taking damage. [Xom's mischief]
 28859 | Spider:2 | XOM: destruction
 28865 | Spider:2 | XOM: fake destruction
 28871 | Spider:2 | XOM: polymorph wolf spider -> great orb of eyes
 28882 | Spider:2 | XOM: polymorph meliai -> troll
 28909 | Spider:2 | XOM: enchant monster (good)
 28918 | Spider:2 | XOM: potion effect (haste)
 28942 | Spider:2 | XOM: blink monster(s)
 29058 | Spider:2 | XOM: cast spell 'Call Canine Familiar'
 29086 | Spider:2 | XOM: fog
 29200 | Spider:2 | XOM: god gift: Xom's Omnibus of Disintegration {god gift}
 29231 | Spider:2 | XOM: cast spell 'Summon Mana Viper'
 29270 | Spider:2 | XOM: divine lightning
 29271 | Spider:2 | Got Xom's Omnibus of Disintegration {god gift}
 29273 | Spider:2 | XOM: cast spell 'Leda's Liquefaction'
 29281 | Spider:2 | XOM: destruction
 29283 | Spider:2 | XOM: enchant monster (good)
 29971 | Spider:3 | XOM: god gift: 13 gold pieces
 30053 | Spider:3 | XOM: 2-stop teleportation journey
 30068 | Spider:3 | Reached skill level 16 in Dodging
 30459 | Spider:3 | XOM: noise
 31012 | Spider:3 | XOM: scenery: create altars
 31069 | Spider:4 | Entered Level 4 of the Spider Nest
 31223 | Spider:3 | XOM: blink monster(s)
 31412 | Spider:4 | XOM: stat loss: -1 Dex (16/17)
 31447 | Spider:4 | XOM: summons 1 hostile demon
 31501 | Spider:4 | XOM: god gift: shimmering leather armour {god gift}
 31501 | Spider:4 | Identified the +1 leather armour of Huysut {rElec rCorr
                  | Int+3 Dex-3} (Xom gifted it to you on level 4 of the Spider
                  | Nest)
 31591 | Spider:4 | XOM: 1-stop teleportation journey
 31592 | Spider:4 | XOM: destruction
 31593 | Spider:4 | XOM: 1-stop teleportation journey
 31596 | Spider:4 | XOM: stat loss: -1 Str (21/22)
 31612 | Spider:4 | XOM: confusion
 31665 | Spider:4 | XOM: swap monsters
 31801 | Spider:4 | XOM: 2-stop teleportation journey
 31819 | Spider:4 | XOM: smoke on damage
 31846 | Spider:4 | XOM: cast spell 'Necromutation'
 31853 | Spider:4 | XOM: polymorph emperor scorpion -> minotaur
 31903 | Spider:4 | XOM: summons friendly shadow imp
 31921 | Spider:4 | XOM: polymorph wolf spider -> eye of devastation
 31943 | Spider:4 | XOM: divination: detect items
 31974 | Spider:4 | XOM: blink monster(s)
 31979 | Spider:4 | XOM: polymorph tarantella -> salamander
 31980 | Spider:4 | XOM: enchant monster (good)
 31981 | Spider:4 | XOM: polymorph salamander -> polar bear
 32025 | Spider:4 | XOM: scenery: create altars
 32176 | Spider:4 | XOM: god gift: 21 gold pieces
 32223 | Spider:4 | Got a gossamer rune of Zot
 32384 | Spider:4 | XOM: 7-stop teleportation journey
 32388 | Spider:4 | XOM: summons friendly iron imp
 32578 | Spider:4 | XOM: silly message
 32835 | Shoals:1 | Entered Level 1 of the Shoals
 32947 | Shoals:1 | Reached XP level 19. HP: 115/153 MP: 19/19
 33053 | Shoals:1 | XOM: divination: detect creatures
 33094 | Shoals:1 | XOM: silly message
 33175 | Shoals:1 | XOM: silly message
 33255 | Shoals:1 | XOM: potion effect (experience)
 33255 | Shoals:1 | Reached skill level 15 in Fighting
 33255 | Shoals:1 | Reached XP level 20. HP: 163/163 MP: 20/20
 33384 | Shoals:1 | XOM: silly message
 33466 | Shoals:1 | XOM: noise
 33480 | Shoals:1 | XOM: cast spell 'Leda's Liquefaction'
 33489 | Shoals:1 | Reached skill level 15 in Evocations
 33813 | Shoals:2 | XOM: potion effect (haste)
 33864 | Shoals:2 | Noticed Jorgrun
 33877 | Shoals:2 | XOM: potion effect (brilliance)
 33881 | Shoals:2 | XOM: butterfly on damage
 33883 | Shoals:2 | Killed Jorgrun
 33899 | Shoals:2 | XOM: silly message
 34134 | Shoals:2 | XOM: silly message
 34155 | Shoals:2 | XOM: silly message
 34169 | Shoals:2 | XOM: enchant monster (good)
 34241 | Shoals:2 | XOM: summons friendly shadow imp
 34260 | Shoals:2 | Identified the +9 war axe of the Forest {antimagic, rF+ rC+
                  | Int+5}
 34279 | Shoals:2 | XOM: enchant monster (good)
 34519 | Shoals:2 | XOM: polymorph water nymph -> orb spider
 34589 | Shoals:2 | Reached skill level 17 in Dodging
 34745 | Shoals:3 | XOM: polymorph wind drake -> spriggan
 34798 | Shoals:3 | XOM: summons friendly orange demon
 34801 | Shoals:3 | XOM: scenery: create altars
 34807 | Shoals:3 | XOM: smoke on damage
 34871 | Shoals:3 | XOM: divination: magic mapping
 34928 | Shoals:3 | XOM: polymorph elder shocksting beast -> juggernaut
 34941 | Shoals:3 | XOM: 1-stop teleportation journey
 35484 | Shoals:3 | XOM: give mutations
 35484 | Shoals:3 | Gained mutation: You have supernaturally acute eyesight.
                  | (SInv) [Xom's grace]
 35484 | Shoals:3 | Gained mutation: Your flesh is heat resistant. (rF+) [Xom's
                  | grace]
 35534 | Shoals:4 | Entered Level 4 of the Shoals
 35554 | Shoals:4 | XOM: noise
 35631 | Shoals:4 | XOM: divination: detect creatures
 35671 | Shoals:4 | Reached skill level 15 in Throwing
 35798 | Shoals:4 | XOM: silly message
 35973 | Shoals:4 | Noticed Ilsuiw
 35975 | Shoals:4 | XOM: confuse monster(s)
 35987 | Shoals:4 | XOM: summons friendly sixfirhy
 35989 | Shoals:4 | Killed Ilsuiw
 36029 | Shoals:4 | XOM: 1-stop teleportation journey
 36033 | Shoals:4 | XOM: summons 13 friendly demons
 36062 | Shoals:4 | XOM: polymorph ufetubus -> crimson imp
 36126 | Shoals:4 | XOM: destruction
 36134 | Shoals:4 | XOM: polymorph merfolk avatar -> merfolk avatar
 36346 | Shoals:4 | XOM: summons 2 hostile demons
 36349 | Shoals:4 | XOM: noise
 36360 | Shoals:4 | Reached XP level 21. HP: 106/171 MP: 21/21
 36660 | Shoals:4 | Got a barnacled rune of Zot
 36699 | Shoals:4 | XOM: stat loss: -1 Int (11/12)
 36884 | Elf:1    | Entered Level 1 of the Elven Halls
 36972 | Elf:1    | Paralysed by an air elemental for 1 turns
 37004 | Elf:1    | XOM: torment (71/171 hp)
 37306 | Elf:1    | Found Saadgh's Weapon Boutique.
 37468 | Elf:1    | XOM: give mutations
 37468 | Elf:1    | Lost mutation: You are partially covered in iridescent
                  | scales. (AC +2) [Xom's mischief]
 37468 | Elf:1    | Lost mutation: You have a pair of small antennae on your
                  | head. [Xom's mischief]
 37468 | Elf:1    | Lost mutation: Your flesh is heat resistant. (rF+) [Xom's
                  | mischief]
 37629 | Elf:1    | XOM: scenery: 2 doors close
 37711 | Elf:2    | XOM: repel stairs
 37722 | Elf:2    | XOM: 1-stop teleportation journey
 37738 | Elf:2    | Paralysed by an air elemental for 1 turns
 37826 | Elf:2    | Reached skill level 18 in Dodging
 37826 | Elf:2    | Reached XP level 22. HP: 179/179 MP: 22/22
 37920 | Elf:2    | Found a huge runed translucent gate.
 37920 | Elf:2    | Found a huge runed translucent gate.
 37920 | Elf:2    | Found a huge runed translucent gate.
 37928 | Elf:2    | Found a huge runed translucent gate.
 37930 | Elf:2    | Found a huge runed translucent gate.
 37971 | Elf:2    | Found Wawkuvas's Neck Hole.
 38001 | Elf:2    | Found an ancient bone altar of Kikubaaqudgha.
 38167 | Elf:2    | Found Ojume's Magic Scroll Boutique.
 38170 | Elf:2    | Bought a scroll of teleportation for 60 gold pieces
 38170 | Elf:2    | Bought a scroll of teleportation for 60 gold pieces
 38170 | Elf:2    | Bought a scroll of blinking for 150 gold pieces
 38170 | Elf:2    | Bought a scroll of poison for 80 gold pieces
 38319 | Elf:2    | XOM: summons friendly quasit
 38358 | Elf:2    | XOM: summons friendly shadow imp
 38373 | Elf:2    | XOM: smoke on damage
 38382 | Elf:2    | XOM: confuse monster(s)
 38415 | Elf:2    | XOM: noise
 38615 | Elf:2    | XOM: confusion
 38682 | Elf:2    | XOM: torment (86/169 hp)
 38813 | Elf:2    | XOM: stat loss: -1 Int (11/12)
 38823 | Elf:3    | Entered Level 3 of the Elven Halls
 38872 | Elf:3    | Found Donem's Armour Emporium.
 38887 | Elf:3    | XOM: destruction
 38935 | Elf:3    | Bought the +8 orange crystal plate armour {Archmagi, Int+3
                  | Clar} for 2456 gold pieces
 38935 | Elf:3    | Found the +8 orange crystal plate armour {Archmagi, Int+3
                  | Clar}
 39022 | Elf:3    | XOM: stat loss: -1 Str (26/27)
 39086 | Elf:3    | XOM: swap monsters
 39090 | Elf:3    | Identified the amulet of Xueng {Spirit rN++ Int-4 Dex+6}
 39191 | Elf:3    | XOM: enchant monster (bad)
 39200 | Elf:3    | XOM: summons friendly white imp
 39349 | Elf:3    | Identified the +1 battleaxe of Fedhas's Generosity {venom,
                  | rF- rCorr Str+3}
 39642 | Elf:3    | Got Bojetol's Folio of the Telluric Hornet
 39644 | Elf:3    | Identified the +1 leather armour "Emujien" {rN+ SInv
                  | Stlth-}
 39702 | Elf:3    | Identified the +1 short sword of Outrage {elec, rElec rF+
                  | Will- Dex+2}
 39809 | Elf:3    | Found a shimmering blue altar of Sif Muna.
 39852 | Elf:3    | XOM: cloud trail
 39954 | Elf:3    | XOM: scenery: summon butterflies
 40004 | Elf:3    | Identified the +7 plate armour "Fusob" {rElec Int+5 Dex+4}
 40529 | Lair:5   | XOM: cloud trail
 40550 | Lair:5   | XOM: divination: detect creatures
 40555 | Lair:5   | XOM: cast spell 'Summon Cactus Giant'
 40573 | Lair:5   | Killed olddryhag's ghost
 40606 | Slime:1  | Entered Level 1 of the Pits of Slime
 40631 | Slime:1  | Gained mutation: You are frail. (-10% HP) [a shining eye]
 40722 | Slime:2  | Reached XP level 23. HP: 127/168 MP: 23/23
 40725 | Slime:2  | XOM: divination: detect creatures
 40726 | Slime:2  | XOM: enchant monster (good)
 40875 | Slime:2  | XOM: noise
 40877 | Slime:2  | XOM: silly message
 40913 | Slime:2  | XOM: summons 13 friendly demons
 40918 | Slime:2  | XOM: cast spell 'Monstrous Menagerie'
 40952 | Slime:2  | XOM: divination: detect items
 41163 | Slime:2  | XOM: cloud trail
 41176 | Slime:3  | Gained mutation: Your magical capacity is low. (-10% MP) [a
                  | shining eye]
 41307 | Slime:4  | XOM: divination: detect creatures
 41321 | Slime:4  | XOM: blink monster(s)
 41351 | Slime:4  | XOM: confuse monster(s)
 41353 | Slime:4  | XOM: noise
 41354 | Slime:4  | XOM: smoke on damage
 41394 | Slime:4  | XOM: divination: detect items
 41453 | Slime:5  | Entered Level 5 of the Pits of Slime
 41461 | Slime:5  | XOM: potion effect (invisibility)
 41470 | Slime:5  | XOM: potion effect (berserk rage)
 41589 | Slime:5  | Paralysed by a floating eye for 4 turns
 41683 | Slime:5  | XOM: enchant monster (bad)
 41698 | Slime:5  | Noticed the Royal Jelly
 41706 | Slime:5  | XOM: confuse monster(s)
 41717 | Slime:5  | Killed the Royal Jelly
 41719 | Slime:5  | XOM: blink monster(s)
 41720 | Slime:5  | XOM: divination: detect items
 41741 | Slime:5  | XOM: fog
 41745 | Slime:5  | XOM: cast spell 'Leda's Liquefaction'
 41764 | Slime:5  | XOM: cast spell 'Death Channel'
 41768 | Slime:5  | XOM: confuse monster(s)
 41791 | Slime:5  | XOM: torment (84/169 hp)
 41815 | Slime:5  | Gained mutation: You sometimes lose your temper in combat.
                  | [a shining eye]
 41871 | Slime:5  | Got a slimy rune of Zot
 41892 | Slime:5  | Identified the +6 glaive of the Foremost Queens {distort,
                  | *Rage rElec rCorr Stlth+}
 41897 | Slime:5  | Identified the +6 dagger "Natapeon" {flame, Str-5 Dex+6}
 41900 | Slime:5  | Identified the ring "Earthly Heaven" {Str+8 Dex+6}
 41976 | Slime:5  | Identified the +5 robe of Walligha {rPois rF+ Dex+4 Stlth+}
 41978 | Slime:5  | Identified the +5 mace "Killer Klown's Bane" {spect, rC+
                  | rN+}
 42980 | Depths:1 | Entered Level 1 of the Depths
 42980 | Depths:1 | Noticed Mara
 42982 | Depths:1 | Noticed browni3141's illusion
 42987 | Depths:1 | Reached skill level 15 in Shields
 42987 | Depths:1 | Killed Mara
 42988 | Depths:1 | Reached skill level 1 in Spellcasting
 43026 | Depths:1 | Found a gateway to Hell.
 43229 | Depths:1 | Found a one-way gateway to a ziggurat.
 43230 | Depths:1 | Identified the +1 robe "Uryddo Vinat" {Regen+ Str+2 Dex-2}
 43236 | Depths:1 | Reached skill level 10 in Armour
 43239 | Depths:1 | XOM: blink monster(s)
 43660 | Depths:1 | XOM: god gift: 9 stones
 43682 | Depths:1 | You fall into a shaft and drop 1 floor!
 43784 | Depths:2 | Found a one-way gate leading to the halls of Pandemonium.
 43863 | Depths:2 | Found Nely's General Store.
 43866 | Depths:2 | Bought a scroll of teleportation for 54 gold pieces
 43866 | Depths:2 | Bought a wand of mindburst (10) for 252 gold pieces
 43866 | Depths:2 | Bought a wand of acid (6) for 453 gold pieces
 44069 | Depths:1 | XOM: enchant monster (good)
 44101 | Depths:1 | Reached XP level 24. HP: 176/176 MP: 24/25
 44128 | Depths:1 | XOM: summons friendly quasit
 44141 | Depths:1 | XOM: noise
 44172 | Depths:1 | Found the +9 sword of Zonguldrok {reap}
 44174 | Depths:1 | XOM: enchant monster (good)
 44183 | Depths:1 | XOM: fog
 44189 | Depths:1 | XOM: give mutations
 44189 | Depths:1 | Lost mutation: You heal very quickly. [Xom's mischief]
 44189 | Depths:1 | Lost mutation: You are frail. (-10% HP) [Xom's mischief]
 44340 | Depths:2 | XOM: 1-stop teleportation journey
 44343 | Depths:2 | XOM: summons 2 friendly demons
 44514 | Depths:2 | XOM: silly message
 44752 | Depths:2 | XOM: summons friendly white imp
 44826 | Depths:2 | XOM: polymorph rakshasa -> hell hog
 44860 | Depths:2 | Found the +2 hood of the Assassin {Detect Stab+ Stlth++}
 44861 | Depths:2 | XOM: potion effect (brilliance)
 44865 | Depths:2 | XOM: summons friendly ufetubus
 44869 | Depths:2 | XOM: confuse monster(s)
 44874 | Depths:2 | Found a shadowy altar of Dithmenos.
 44898 | Depths:2 | XOM: summons 8 hostile demons
 44912 | Depths:2 | XOM: 6-stop teleportation journey
 45304 | Depths:3 | Noticed Louise
 45324 | Depths:3 | Killed Louise
 45343 | Depths:3 | Found a one-way gate to the infinite horrors of the Abyss.
 45344 | Depths:3 | Found a runed translucent gate.
 45345 | Depths:3 | Found a runed translucent gate.
 45346 | Depths:3 | Found a runed translucent gate.
 45413 | Depths:3 | Noticed Boris
 45429 | Depths:3 | Killed Boris
 45516 | Depths:3 | Reached skill level 19 in Dodging
 45571 | Depths:3 | XOM: summons 1 hostile demon
 45759 | Depths:3 | Identified the +1 scale mail "Ogutt" {rElec Regen+ Str+2
                  | Dex-3}
 45777 | Depths:3 | Reached skill level 5 in Spellcasting
 45799 | Depths:3 | XOM: fake destruction
 45973 | Depths:3 | Noticed FalseProphet's ghost (adept DsGl)
 46048 | Depths:3 | XOM: summons friendly shadow imp
 46061 | Depths:3 | XOM: enchant monster (good)
 46083 | Depths:3 | XOM: summons 1 hostile shadow creature
 46096 | Depths:3 | XOM: divination: detect items
 46123 | Depths:3 | XOM: potion effect (curing)
 46210 | Depths:3 | XOM: divination: detect creatures
 46275 | Depths:3 | XOM: summons 2 friendly demons
 46365 | Depths:3 | Noticed a juggernaut
 46366 | Depths:3 | XOM: scenery: 1 doors close
 46387 | Depths:3 | Killed a juggernaut
 46629 | Depths:3 | XOM: cast spell 'Cause Fear'
 46698 | Depths:3 | a titan changed into a shard shrike
 46698 | Depths:3 | Noticed a shard shrike
 46698 | Depths:3 | XOM: polymorph titan -> shard shrike
 46705 | Depths:3 | Killed a shard shrike
 46712 | Depths:3 | XOM: give mutations
 46712 | Depths:3 | Lost mutation: Your flesh is cold resistant. (rC+) [Xom's
                  | mischief]
 46712 | Depths:3 | Lost mutation: Your natural rate of healing is unusually
                  | fast. [Xom's mischief]
 47045 | Depths:3 | XOM: swap monsters
 47053 | Depths:3 | XOM: polymorph frost giant -> stone giant
 47107 | Depths:3 | XOM: smoke on damage
 47119 | Depths:3 | Killed FalseProphet's ghost
 47298 | Depths:3 | XOM: torment (126/197 hp)
 47466 | Depths:3 | Got the ring "Kulael" {Fire rN+}
 47498 | Depths:4 | Entered Level 4 of the Depths
 47509 | Depths:4 | Acquired a manual of Shields
 47534 | Depths:4 | XOM: polymorph spark wasp -> bunyip
 47592 | Depths:4 | XOM: polymorph deep troll -> anaconda
 47597 | Depths:4 | XOM: confuse monster(s)
 47622 | Depths:4 | Reached XP level 25. HP: 197/204 MP: 28/29
 47717 | Depths:4 | XOM: god gift: 4 silver javelins
 47790 | Depths:4 | Found a radiant altar of Vehumet.
 47808 | Depths:4 | XOM: enchant monster (good)
 47874 | Depths:4 | XOM: silly message
 48061 | Depths:4 | XOM: give mutations
 48061 | Depths:4 | Lost mutation: You expend magic power (3 MP) to strengthen
                  | your wands. [Xom's mischief]
 48061 | Depths:4 | Gained mutation: Armour fits poorly on your strangely
                  | shaped body. [Xom's mischief]
 48061 | Depths:4 | Gained mutation: You have hidden genetic potential. [Xom's
                  | mischief]
 48061 | Depths:4 | Gained mutation: You are vulnerable to heat. (rF-) [Xom's
                  | mischief]
 48291 | Depths:4 | XOM: polymorph black draconian knight -> sphinx
 48299 | Depths:4 | Reached skill level 20 in Dodging
 48398 | Depths:4 | Found a gate to the Realm of Zot.
 48701 | Depths:4 | XOM: destruction
 48844 | Depths:4 | XOM: cast spell 'Summon Horrible Things'
 48942 | Depths:4 | XOM: god gift: iridescent war axe {god gift}
 48942 | Depths:4 | Identified the +0 war axe "Negeky" {chaos, Contam Will++
                  | Str+4} (Xom gifted it to you on level 4 of the Depths)
 49014 | Depths:4 | XOM: give mutations
 49014 | Depths:4 | Gained mutation: Your skin changes colour to match your
                  | surroundings (Stealth+). [Xom's grace]
 49014 | Depths:4 | Lost mutation: You have hidden genetic potential. [Xom's
                  | grace]
 49014 | Depths:4 | Gained mutation: You are somewhat resistant to further
                  | mutation. [Xom's grace]
 49014 | Depths:4 | Gained mutation: Your system is resistant to poisons.
                  | (rPois) [Xom's grace]
 49050 | Depths:4 | XOM: 4-stop teleportation journey
 49602 | Lair:3   | XOM: scenery: 1 doors close
 50017 | Elf:2    | XOM: god gift: boomerang
 50311 | Slime:5  | Lost mutation: Your magical capacity is low. (-10% MP)
                  | [potion of mutation]
 50311 | Slime:5  | Lost mutation: You have supernaturally acute eyesight.
                  | (SInv) [potion of mutation]
 50312 | Slime:5  | Lost mutation: Your muscles are strong. (Str +4, Int/Dex
                  | -1) [potion of mutation]
 50312 | Slime:5  | Lost mutation: You are very clumsy. (Dex -4) [potion of
                  | mutation]
 50312 | Slime:5  | Lost mutation: You sometimes lose your temper in combat.
                  | [potion of mutation]
 50313 | Slime:5  | Lost mutation: You occasionally shout uncontrollably at
                  | your foes. [potion of mutation]
 50313 | Slime:5  | Lost mutation: You are vulnerable to heat. (rF-) [potion of
                  | mutation]
 50314 | Slime:5  | Lost mutation: Armour fits poorly on your strangely shaped
                  | body. [potion of mutation]
 50314 | Slime:5  | Lost mutation: You are somewhat resistant to further
                  | mutation. [potion of mutation]
 50314 | Slime:5  | Lost mutation: You are clumsy. (Dex -2) [potion of
                  | mutation]
 50314 | Slime:5  | Gained mutation: Your spells are a little easier to cast,
                  | but a little less powerful. [potion of mutation]
 50314 | Slime:5  | Gained mutation: Your flesh is cold resistant. (rC+)
                  | [potion of mutation]
 50503 | D:12     | XOM: scenery: summon butterflies
 50588 | D:14     | XOM: draining
 50639 | Depths:1 | XOM: give mutation
 50639 | Depths:1 | Gained mutation: You are partially covered in iridescent
                  | scales. (AC +2) [Xom's grace]
 50716 | Zot:1    | Entered Level 1 of the Realm of Zot
 50793 | Zot:1    | Noticed an orb of fire
 50795 | Zot:1    | XOM: summons 12 friendly demons
 50800 | Zot:1    | XOM: scenery: create altars
 50824 | Zot:1    | XOM: summons 2 friendly demons
 50826 | Zot:1    | Killed an orb of fire
 51496 | Zot:1    | XOM: torment (135/204 hp)
 51522 | Zot:1    | XOM: 1-stop teleportation journey
 51556 | Zot:1    | XOM: chaos cloud
 51563 | Zot:1    | XOM: chaos upgrade
 51836 | Zot:1    | XOM: divination: detect creatures
 51837 | Zot:1    | XOM: god gift: scroll of butterflies
 51848 | Zot:1    | XOM: summons friendly white imp
 51859 | Zot:1    | XOM: summons friendly ufetubus
 51974 | Zot:1    | XOM: silly message
 52252 | Zot:1    | XOM: confuse monster(s)
 52292 | Zot:1    | XOM: divination: detect items
 52700 | Zot:1    | XOM: cloud trail
 52865 | Zot:2    | XOM: summons friendly ufetubus
 52867 | Zot:2    | XOM: enchant monster (good)
 53840 | Zot:3    | XOM: scenery: summon butterflies
 53844 | Zot:3    | XOM: blink monster(s)
 53942 | Zot:3    | XOM: repel stairs
 53944 | Zot:3    | XOM: enchant monster (good)
 53947 | Zot:3    | XOM: confuse monster(s)
 53957 | Zot:3    | XOM: potion effect (brilliance)
 53979 | Zot:3    | XOM: summons 2 friendly demons
 53984 | Zot:3    | XOM: blink monster(s)
 54115 | Zot:3    | XOM: cloud trail
 54131 | Zot:3    | XOM: god gift: scroll of fog
 54421 | Zot:3    | XOM: smoke on damage
 54424 | Zot:3    | XOM: divination: detect creatures
 54505 | Zot:3    | Noticed an orb of fire
 54518 | Zot:3    | Gained mutation: Armour fits poorly on your strangely
                  | shaped body. [an orb of fire]
 54520 | Zot:3    | Killed an orb of fire
 54521 | Zot:3    | Reached skill level 21 in Dodging
 54843 | Zot:3    | XOM: cloud trail
 54883 | Zot:3    | Reached XP level 26. HP: 186/213 MP: 31/35
 54946 | Zot:3    | Identified the +0 plate armour of Dithmenos's Outrage
                  | {Will+ Regen+}
 55200 | Zot:3    | XOM: 1-stop teleportation journey
 55222 | Zot:3    | XOM: silly message
 55345 | Zot:3    | XOM: enchant monster (bad)
 55347 | Zot:3    | XOM: blink monster(s)
 55463 | Zot:3    | XOM: silly message
 55921 | Zot:3    | XOM: potion effect (invisibility)
 56337 | Zot:4    | Noticed an orb of fire
 56340 | Zot:4    | XOM: blink monster(s)
 56343 | Zot:4    | Gained mutation: You are dopey. (Int -2) [an orb of fire]
 56344 | Zot:4    | Gained mutation: You occasionally shout uncontrollably at
                  | your foes. [an orb of fire]
 56345 | Zot:4    | Gained mutation: You frequently scream uncontrollably at
                  | your foes. [an orb of fire]
 56368 | Zot:4    | Killed an orb of fire
 56388 | Zot:4    | XOM: swap monsters
 56624 | Zot:4    | XOM: 6-stop teleportation journey
 57022 | Zot:4    | XOM: confuse monster(s)
 57129 | Zot:4    | XOM: give mutations
 57129 | Zot:4    | Gained mutation: You occasionally lose the ability to read
                  | scrolls when taking damage. [Xom's mischief]
 57129 | Zot:4    | Lost mutation: Your flesh is cold resistant. (rC+) [Xom's
                  | mischief]
 57167 | Zot:5    | Entered Level 5 of the Realm of Zot
 57299 | Zot:5    | XOM: noise
 57351 | Zot:5    | XOM: divination: detect items
 57354 | Zot:5    | XOM: divination: detect creatures
 57457 | Zot:5    | Noticed a Killer Klown
 57471 | Zot:5    | Killed a Killer Klown
 57512 | Zot:5    | XOM: 1-stop teleportation journey
 57765 | Zot:5    | XOM: silly message
 57967 | Zot:5    | XOM: divination: detect items
 58234 | Zot:5    | Noticed a Killer Klown
 58235 | Zot:5    | XOM: confuse monster(s)
 58242 | Zot:5    | XOM: divination: magic mapping
 58254 | Zot:5    | Killed a Killer Klown
 58263 | Zot:5    | Noticed a Killer Klown
 58268 | Zot:5    | XOM: silly message
 58285 | Zot:5    | Killed a Killer Klown
 58287 | Zot:5    | XOM: cast spell 'Leda's Liquefaction'
 58291 | Zot:5    | XOM: destruction
 58294 | Zot:5    | XOM: enchant monster (good)
 58321 | Zot:5    | Noticed an ancient lich
 58911 | Zot:5    | Lost mutation: You are dopey. (Int -2) [potion of mutation]
 58911 | Zot:5    | Lost mutation: You frequently scream uncontrollably at your
                  | foes. [potion of mutation]
 58912 | Zot:5    | Lost mutation: You are partially covered in iridescent
                  | scales. (AC +2) [potion of mutation]
 58912 | Zot:5    | Lost mutation: Your skin changes colour to match your
                  | surroundings (Stealth+). [potion of mutation]
 58912 | Zot:5    | Lost mutation: You occasionally lose the ability to read
                  | scrolls when taking damage. [potion of mutation]
 58912 | Zot:5    | Gained mutation: You are partially covered in iridescent
                  | scales. (AC +2) [potion of mutation]
 58912 | Zot:5    | Lost mutation: Armour fits poorly on your strangely shaped
                  | body. [potion of mutation]
 58923 | Zot:5    | XOM: give mutation
 58923 | Zot:5    | Gained mutation: Your mind is acute. (Int +4, Str/Dex -1)
                  | [Xom's grace]
 58934 | Zot:5    | Noticed an orb of fire
 58935 | Zot:5    | XOM: summons friendly quasit
 58942 | Zot:5    | Gained mutation: Armour fits poorly on your strangely
                  | shaped body. [an orb of fire]
 58957 | Zot:5    | Killed an orb of fire
 58978 | Zot:5    | XOM: divine lightning
 59009 | Zot:5    | Noticed an ancient lich
 59247 | Zot:5    | XOM: cloud trail
 59280 | Zot:5    | Killed an ancient lich
 59487 | Zot:5    | XOM: cloud trail
 59577 | Zot:5    | Noticed an ancient lich
 59584 | Zot:5    | Killed an ancient lich
 59587 | Zot:5    | XOM: noise
 59615 | Zot:5    | Reached skill level 22 in Dodging
 59811 | Zot:5    | Noticed an ancient lich
 59819 | Zot:5    | Killed an ancient lich
 59820 | Zot:5    | Reached skill level 10 in Spellcasting
 60017 | Zot:5    | XOM: divination: magic mapping
 60019 | Zot:5    | XOM: divination: detect items
 60023 | Zot:5    | XOM: silly message
 60029 | Zot:5    | Killed an ancient lich
 60129 | Zot:5    | Noticed a dread lich
 60129 | Zot:5    | Noticed a dread lich
 60129 | Zot:5    | Noticed an ancient lich
 60129 | Zot:5    | Noticed a Killer Klown
 60129 | Zot:5    | Noticed an orb of fire
 60129 | Zot:5    | Noticed an ancient lich
 60129 | Zot:5    | Noticed an orb of fire
 60129 | Zot:5    | XOM: 1-stop teleportation journey
 60129 | Zot:5    | Noticed an ancient lich
 60129 | Zot:5    | Noticed a Killer Klown
 60131 | Zot:5    | XOM: divination: magic mapping
 60132 | Zot:5    | Got the Orb of Zot
 60167 | Zot:5    | XOM: potion effect (magic)
 60169 | Zot:5    | Killed a Killer Klown
 60199 | Zot:5    | Noticed Xagre the pandemonium lord
 60201 | Zot:5    | XOM: smoke on damage
 60209 | Zot:5    | XOM: cleaving
 60216 | Zot:5    | XOM: enchant monster (good)
 60230 | Zot:5    | Killed Xagre the pandemonium lord
 60720 | D:12     | Noticed an ancient lich
 60734 | D:11     | Noticed Tumoergh the pandemonium lord
 60757 | D:9      | Reached XP level 27. HP: 222/222 MP: 37/37
 60858 | D:3      | XOM: scenery: summon butterflies
 60880 | D:3      | XOM: scenery: 1 doors close
 60925 | D:$      | Escaped with the Orb!

Illustrated notes

Levels and vault maps discovered:
D:1:      tarquinn_simple_flora_water_e, layout_basic,
          dreamdust_ecumenical_altar_grove, nicolae_kite_square_tiling_tiny
D:2:      cheibrodos_helix_gallery, layout_rooms, grunt_ministairs_4,
          uniq_terence, uniq_natasha
D:3:      layout_loops_corners, chequers_hall_statues_wall_a, uniq_robin,
          uniq_ijyb
D:4:      layout_basic, serial_shops, shop_coins, shop, nicolae_lakefront_shop,
          shop, shop_fountains, kennysheep_small_spiral
D:5:      layout_basic, gammafunk_ghost_necromancy, minivault_11,
          kennysheep_donut
D:6:      dreamdust_elfheim, layout_layer_cave,
          minmay_temple_entry_statues_fountains, gammafunk_ghost_split,
          uniq_eustachio
D:7:      layout_gridville, uniq_maggie
D:8:      layout_rooms, serial_corexii_hall, corexii_hall_statues_t,
          chequers_hall_statues_corner_a, corexii_hall_statues_x,
          corexii_hall_statues_x, corexii_hall_statues_l,
          corexii_hall_statues_x, uniq_maurice
D:9:      minmay_the_grid_4x2 [minmay_the_grid_zigzag_pyramid,
          minmay_the_grid_mess, minmay_the_grid_garden,
          minmay_the_grid_plusring, minmay_the_grid_slots,
          minmay_the_grid_paths, minmay_the_grid_empty,
          minmay_the_grid_prize_trominoes], layout_gridville,
          kennysheep_orc_monster_closet_entryway, chequers_jeans,
          nicolae_diode_basic
D:10:     layout_irregular_city, minitemple, erik_lair_orcish_takeover,
          enter_bailey_5, minivault_22, minivault_12
D:11:     layout_loops_cross
D:12:     layout_layer_cave, serial_glass, glass_columns_b, glass_columns_b,
          feat_on_display
D:13:     layout_stronghold, skrybe_vaults_entry_preservation,
          patterned_corridor
D:14:     layout_basic, good_gods_temple_1
D:15:     grunt_enter_depths_hoard, layout_loops_ring, serial_shops, shop,
          uniq_josephine
Lair:1:   layout_gridlike, gauntlet_entry_generic, kennysheep_snail_temple
Lair:2:   layout_chaotic_city, st_stairs_7, hibernation_bobbens
Lair:3:   nzn_winding_woodlands_medium [nzn_winding_woodlands_5x5_cross,
          nzn_winding_woodlands_5x15_twine,
          nzn_winding_woodlands_5x5_closed_star,
          nzn_winding_woodlands_5x5_checkerboard,
          nzn_winding_woodlands_center_lodge, nzn_winding_woodlands_5x5_three,
          nzn_winding_woodlands_5x5_perimeter,
          nzn_winding_woodlands_5x15_sidewinder,
          nzn_winding_woodlands_hourglass], layout_layer_cave,
          minmay_shoals_entry_hut, spider_nest_entry_rubble, basic_altar,
          lemuel_fruit_fields
Lair:4:   layout_long_grid, serial_bayou_shore_a, uniq_kirke
Lair:5:   hangedman_lair_caniforms_friends, layout_regular_city,
          guppyfry_lair_end_dragon, slime_entry_1, gammafunk_ghost_arena,
          lemuel_fruit_tree, uniq_urug
Shoals:1: layout_shoals
Shoals:2: layout_shoals, uniq_jorgrun
Shoals:3: layout_shoals
Shoals:4: shoals_end_grunt_ice, layout_shoals, shoal_ilsuiw, serial_shops,
          statue_bzr
Spider:1: nicolae_spider_brood_tunnel, hangedman_spider_tarantella_strand
Spider:2: layout_spider_delve, nicolae_spider_undead_wolf_pack
Spider:3: layout_spider_delve
Spider:4: guppyfry_spider_rune
Slime:1:  layout_caves
Slime:2:  cheibrodos_slime_lost_civilization_9, layout_caves,
          nicolae_slime_phagocytosis
Slime:3:  layout_caves
Slime:4:  nicolae_slime_jelly_donut, layout_caves
Slime:5
Orc:1:    layout_caves
Orc:2:    st_orc_pillars, layout_diamond_mine, uniq_donald
Elf:1:    elf_arrival_001, layout_geoelf_octagon, serial_shops, shop,
          hangedman_elf_disciples, grunt_megastairs_5
Elf:2:    elven_hall_of_blades_hangedman_alternative
          [mumra_blade_entry_bloodbath], layout_rooms, basic_altar,
          serial_shops, nicolae_shop_behind_doors, hangedman_elven_ridges,
          nicolae_shop_sticking_my_neck_out
Elf:3:    grunt_elf_hall_diamonds, layout_gridlike, basic_altar, serial_shops,
          shop
Depths:1: layout_gridville, enter_ziggurat_c, hellmouth_3,
          chequers_serial_rivers_large_b, minmay_guarded_unrand_zonguldrok,
          firewood_loft, serial_bayou_shore_b, uniq_mara
Depths:2: regret_index_dithmenos_brocken_genspenst, layout_gridville,
          amcnicky_mini_pool_small, serial_shops, kennysheep_mini_moat,
          pan_entry, pf_coc_iceberg, columned_hall_lemuel,
          nicolae_concentric_dashed_squares_mild, infiniplex_staircase_x
Depths:3: nooodl_heptagram, layout_cave_pools, gammafunk_ghost_icy,
          nicolae_twisting_strands, nicolae_abyss_entry_one_way_or_another,
          hell_entry, pan_entry, uniq_boris
Depths:4: grunt_zot_entry_pinwheel, layout_basic, fiery_altar_vehumet,
          hell_entry, rand_demon_pan_entry_4
Zot:1:    nicolae_moth_party, layout_gridlike
Zot:2:    layout_basic
Zot:3:    layout_concentric_octagons
Zot:4:    layout_onion, uniq_josephina
Zot:5:    layout_gridlike

Skill      XL: |  1  2  3  4  5  6  7  8  9 10 11 12 13 14 15 16 17 18 19 20 21 22 23 24 25 26 |
---------------+-------------------------------------------------------------------------------+-----
Polearms       | 5 6 7 9 11 13 14 | 14.0
Dodging        | 3 4 5 6 7 8 10 11 12 13 14 15 16 17 18 19 21 22 | 22.2
Stealth        | 2 3 4 |  4.0
Fighting       | 4 5 7 8 9 10 11 12 13 14 15 16 17 18 19 | 19.2
Armour         | 2 3 4 6 8 10 11 12 | 12.9
Shields        | 1 5 8 9 10 11 12 13 14 15 17 19 | 19.4
Evocations     | 2 5 6 8 10 11 12 13 14 16 17 18 19 20 | 20.8
Throwing       | 3 6 8 10 11 12 14 15 16 17 18 | 18.1
Spellcasting   | 3 6 8 10 | 10.0

Action                     |  1- 3 |  4- 6 |  7- 9 | 10-12 | 13-15 | 16-18 | 19-21 | 22-24 | 25-27 || total
---------------------------+-------+-------+-------+-------+-------+-------+-------+-------+-------++-------
  Melee: Spear             |   103 |   206 |   321 |   586 |   209 |       |       |       |       ||  1425
         Tailslap          |       |     1 |       |    21 |    34 |    14 |    62 |    35 |    17 ||   184
         Dagger            |       |    18 |     5 |       |       |       |       |       |       ||    23
         Trident           |       |       |   138 |   684 |  1112 |       |       |       |       ||  1934
         Unarmed           |       |       |     8 |       |       |       |       |       |       ||     8
         Demon trident     |       |       |       |       |   708 |  1434 |   929 |  1879 |  1448 ||  6398
  Throw: Stone             |       |       |       |       |     5 |       |       |       |       ||     5
         Dart              |       |       |       |       |     8 |       |       |       |       ||     8
         Boomerang         |       |       |       |       |    26 |    43 |    76 |   202 |   267 ||   614
         Javelin           |       |       |       |       |    13 |       |    14 |    44 |    66 ||   137
Ability: Evoke Blink       |       |       |       |     1 |    19 |     9 |     2 |    41 |    15 ||    87
  Evoke: Piece from Xom's  |       |     4 |    13 |     9 |    10 |       |       |       |       ||    36
         Wand              |       |       |     1 |    14 |     8 |     4 |     3 |     7 |    17 ||    54
         Box of beasts     |       |       |       |     1 |     1 |     1 |     2 |     7 |     5 ||    17
         Tin of tremorston |       |       |       |       |     3 |     5 |     7 |    15 |     6 ||    36
         Condenser vane    |       |       |       |       |       |     2 |     3 |     9 |     7 ||    21
         Phial of floods   |       |       |       |       |       |       |       |     1 |     3 ||     4
         Lightning rod     |       |       |       |       |       |       |       |     4 |       ||     4
    Use: Scroll            |     1 |     5 |    10 |    11 |    16 |     4 |       |     7 |    16 ||    70
         Potion            |       |     1 |       |     5 |       |     6 |     2 |     2 |    26 ||    42
   Stab: Paralysed         |     4 |       |     4 |    14 |    20 |       |       |       |       ||    42
         Confused          |       |     1 |     1 |    12 |    16 |     3 |     3 |    14 |     7 ||    57
         Petrifying        |       |     1 |     3 |     3 |     2 |     1 |       |       |     1 ||    11
         Sleeping          |       |     1 |     4 |       |       |     5 |     4 |       |     1 ||    15
         Petrified         |       |       |     2 |     6 |    22 |       |     5 |       |     1 ||    36
         Distracted        |       |       |       |     2 |     5 |     3 |     5 |     7 |     5 ||    27
         Invisible         |       |       |       |    12 |     3 |       |       |     9 |     6 ||    30
         Fleeing           |       |       |       |       |       |       |       |     1 |       ||     1
 Armour: Leather armour    |    17 |     2 |       |       |       |       |       |       |       ||    19
         Robe              |       |    31 |    51 |       |       |       |       |       |       ||    82
         Troll leather arm |       |       |    44 |    17 |       |       |       |       |       ||    61
         Chain mail        |       |       |       |   101 |       |       |       |       |       ||   101
         Plate armour      |       |       |       |   295 |   997 |    49 |       |       |       ||  1341
         Skin              |       |       |       |     8 |       |       |       |       |       ||     8
         Swamp dragon scal |       |       |       |       |       |   288 |   122 |    37 |       ||   447
         Crystal plate arm |       |       |       |       |       |       |       |   576 |   299 ||   875
  Dodge: Dodged            |    36 |    96 |   211 |   271 |   465 |   820 |   469 |   831 |   523 ||  3722
  Block: Kite shield       |       |       |       |   426 |   906 |   801 |   419 |   839 |       ||  3391
         Tower shield      |       |       |       |       |       |       |       |   363 |  1223 ||  1586

Table legend: (Time is in decaauts)
 A = Elapsed time spent in this place.
 B = Non-inter-level travel time spent in this place.
 C = Inter-level travel time spent in this place.
 D = Time resting spent in this place.
 E = Time spent auto-exploring this place.
 F = Levels seen in this place.
 G = Mean time per level.
                   A        B        C        D        E       F      G
               +--------+--------+--------+--------+--------+-----+--------+
         Total |  56868 |  50825 |   6043 |   3489 |  32754 |  49 | 1160.6 |
       Dungeon |  17983 |  15359 |   2624 |    594 |  11043 |  15 | 1198.9 |
          Lair |   6878 |   5964 |    914 |     89 |   3845 |   5 | 1375.6 |
        Shoals |   2995 |   2802 |    193 |     20 |   1729 |   4 |  748.8 |
   Spider Nest |   4733 |   4396 |    337 |    226 |   2827 |   4 | 1183.2 |
    Slime Pits |   1779 |   1487 |    292 |     78 |    693 |   5 |  355.8 |
  Orcish Mines |   2068 |   1759 |    309 |      0 |   1048 |   2 | 1034.0 |
   Elven Halls |   3684 |   3089 |    595 |    352 |   1910 |   3 | 1228.0 |
        Depths |   6517 |   6013 |    504 |    475 |   3899 |   4 | 1629.2 |
           Zot |   9093 |   8822 |    271 |   1578 |   5388 |   5 | 1818.6 |
        Bailey |    427 |    427 |      0 |      0 |     53 |   1 |  427.0 |
      Gauntlet |    707 |    707 |      0 |     73 |    316 |   1 |  707.0 |
               +--------+--------+--------+--------+--------+-----+--------+

Top non-repeatable levels by time:
   Zot:5: 3031 daAuts
     D:9: 2759 daAuts
   Zot:3: 2578 daAuts
Depths:3: 2267 daAuts
Depths:4: 2088 daAuts
  Lair:5: 1829 daAuts
   Zot:1: 1758 daAuts
  Lair:3: 1748 daAuts
Spider:3: 1673 daAuts
    D:12: 1571 daAuts
     D:6: 1520 daAuts
   Orc:2: 1516 daAuts
   Elf:3: 1441 daAuts
    D:10: 1368 daAuts
    D:13: 1321 daAuts
